Workbook
Name _: #REF!
Name _: #REF!
Name _: #REF!
Name ___________PAG1: #REF!
Name ___________PAG2: #REF!
Name ___________PAG3: #REF!
Name ___________PAG4: #REF!
Name ___________PAG5: #REF!
Name __________PAG1: #REF!
Name __________PAG2: #REF!
Name __________PAG3: #REF!
Name __________PAG4: #REF!
Name __________PAG5: #REF!
Name _________AFC1: [7]INV!$A$25:$D$28
Name _________AFC3: [7]INV!$F$25:$I$28
Name _________AFC5: [7]INV!$K$25:$N$28
Name _________APU221: #REF!
Name _________BGC1: [7]INV!$A$5:$D$8
Name _________BGC3: [7]INV!$F$5:$I$8
Name _________BGC5: [7]INV!$K$5:$N$8
Name _________CAC1: [7]INV!$A$19:$D$22
Name _________CAC3: [7]INV!$F$19:$I$22
Name _________CAC5: [7]INV!$K$19:$N$22
Name _________PAG1: #REF!
Name _________PAG2: #REF!
Name _________PAG3: #REF!
Name _________PAG4: #REF!
Name _________PAG5: #REF!
Name _________PJ50: #REF!
Name _________pj51: #REF!
Name _________Rc: #REF!
Name _________SBC1: [7]INV!$A$12:$D$15
Name _________SBC3: [7]INV!$F$12:$I$15
Name _________SBC5: [7]INV!$K$12:$N$15
Name ________AFC1: [7]INV!$A$25:$D$28
Name ________AFC3: [7]INV!$F$25:$I$28
Name ________AFC5: [7]INV!$K$25:$N$28
Name ________APU221: #REF!
Name ________APU465: [8]!absc
Name ________BGC1: [7]INV!$A$5:$D$8
Name ________BGC3: [7]INV!$F$5:$I$8
Name ________BGC5: [7]INV!$K$5:$N$8
Name ________CAC1: [7]INV!$A$19:$D$22
Name ________CAC3: [7]INV!$F$19:$I$22
Name ________CAC5: [7]INV!$K$19:$N$22
Name ________MA2: #REF!
Name ________min2: #REF!
Name ________min2: #REF!
Name ________min2: #REF!
Name ________PAG1: #REF!
Name ________Pag10: #REF!
Name ________Pag10: #REF!
Name ________Pag10: #REF!
Name ________PAG2: #REF!
Name ________PAG3: #REF!
Name ________PAG4: #REF!
Name ________PAG5: #REF!
Name ________PJ50: #REF!
Name ________pj51: #REF!
Name ________R: #REF!

Sheet PRESUPUESTO GENERAL
B1: OBRAS DE MANTENIMIENTO Y ADECUCACION EN EL PARQUE DIVINO NIÑO DEL MUNICIPIO DE LA APARTADA CORDOBA.
B3: ITEM | C3: DESCRIPCIÓN | D3: UND | E3: CANT. | F3: V. UNITARO | G3: V. PARCIAL
B4: CANCHA DEPORTIVA DIVINO NIÑO
B5: 1 | C5: PRELIMINARES | I5: Area Cancha
B6: 1.1 | C6: Suministro de comisión de topografía para replanteo, nivelación y control topográfico durante las diferentes etapas de la obra. Incluye personal técnico, equipos topográficos, niveles, alineamientos y cotas. | D6: Glb | E6: 1 | F6: =+'APU PRELIMINARES '!H42 -> 6595303.2 | G6: =+F6*E6 -> 6595303.2 | I6: =+'MEMORIAS DE CANTIDADES'!M19 -> 3084.3109
F7: SUB-TOTAL | G7: =SUM(G6:G6) -> 6595303.2
B8: 2 | C8: CANCHA DEPORTIVA
B9: 2.1 | C9: Retiro, desinstalación y transporte de grama sintética MD 462, Shock Pad drenante y caucho molido existente, retiro a zona de disposición autorizada. | D9: m2 | E9: =+I6 -> 3084.3109 | F9: =+'APU CANCHA DEPORTIVA '!H41 -> 10595.112 | G9: =+F9*E9 -> 32678619 | I9: 63.85 | J9: 48.31
B10: 2.2 | C10: Retiro parcial, cargue y transporte de grava triturada lavada existente, con espesor promedio de 7,5 cm, incluyendo mano de obra, herramientas, cargue, transporte hasta el sitio de disposición final. | D10: m3 | E10: =3084.31*0.075 -> 231.32325 | F10: =+'APU CANCHA DEPORTIVA '!H92 -> 78642.327 | G10: =+F10*E10 -> 18191799 | I10: =+SUM(I9+J9) -> 112.16 | J10: =+I10*3 -> 336.48 | K10: area NyLON
B11: 2.3 | C11: Renivelación del lecho filtrante hasta obtener pendiente de 1% del centro longitudinal de la cancha, hacia los costados, incluye compactación. | D11: m2 | E11: =+I6 -> 3084.3109 | F11: =+'APU CANCHA DEPORTIVA '!H146 -> 4965.2336 | G11: =+F11*E11 -> 15314324
B12: 2.4 | C12: Suministro e instalación de geotextil no tejido de polipropileno, punzonado, incluye traslapos, fijaciones, corte, instalación y demás elementos necesarios. | D12: m2 | E12: =+E11 -> 3084.3109 | F12: =+'APU CANCHA DEPORTIVA '!H198 -> 5666.012 | G12: =+F12*E12 -> 17475743
B13: 2.5 | C13: Suministro e instalación de material seleccionado para relleno, arenoso con bajo contenido de finos, incluye extendida, nivelación y compacatación, E= 10 cm. | D13: m3 | E13: =+E12*0.1 -> 308.43109 | F13: =+'APU CANCHA DEPORTIVA '!H256 -> 114278.19 | G13: =+F13*E13 -> 35246948
F14: =F7 -> SUB-TOTAL | G14: =SUM(G9:G13) -> 1.1890743e+08
B15: 3 | C15: CERRAMIENTO PERIMETRAL DE CANCHA DEPORTIVA
B16: 3.1 | C16: Mantenimiento de arcos metálicos de 7,32 mts x 2,44 mts, en tuberia de 3" y 4", incluye Red, anticorrosivo, pintura. | D16: und | E16: 2 | F16: =+'APU CERREAMIENTO PERIMETRAL CA '!H48 -> 884747.33 | G16: =+F16*E16 -> 1769494.7
B17: 3.2 | C17: Mantenimiento general de modulos en angulos de 1 1/4" calibre 14, platina de 1" x 1/8" y malla eslabonanda, incluye anticorrosivo y pintura. | D17: und | E17: 65 | F17: =+'APU CERREAMIENTO PERIMETRAL CA '!H106 -> 257854.33 | G17: =+F17*E17 -> 16760532
B18: 3.3 | C18: Fabricación de modulos en angulos 1 1/4" calibre 14, platina de 1" x 1/8" y malla eslabonanda, de dimension 2,75m x 2,30m. | D18: und | E18: 26 | F18: =+'APU CERREAMIENTO PERIMETRAL CA '!H167 -> 1034991.4 | G18: =+F18*E18 -> 26909775
B19: 3.4 | C19: Suministro e Instalación de Cubierta en malla de Nylon tratado para cerramiento deportivo #90 de ojo 13cm x 13cm en las partes laterales de la cancha, color negro texturizado, H= 3m | D19: m2 | E19: =+J10 -> 336.48 | F19: =+'APU CERREAMIENTO PERIMETRAL CA '!H226 -> 21204.933 | G19: =+F19*E19 -> 7135036
B20: 3.5 | C20: Cambio de tuberias puerta de salída 1,30mts x 2,00mts, en tubos de 2" calibre 14. | D20: und | E20: 1 | F20: =+'APU CERREAMIENTO PERIMETRAL CA '!H281 -> 551989.33 | G20: =+F20*E20 -> 551989.33
B21: 3.6 | C21: Cambio de tuberias puerta de acceso 1,5mts x 2,0mts, incluye tubería 2" calibre 14 y bisagras. | D21: und | E21: 1 | F21: =+'APU CERREAMIENTO PERIMETRAL CA '!H338 -> 585777.33 | G21: =+F21*E21 -> 585777.33
B22: 3.7 | C22: Mantenimiento general de puerta de emergencia de 1,20 mts x 2,0mts. | D22: und | E22: 1 | F22: =+'APU CERREAMIENTO PERIMETRAL CA '!H393 -> 187363.93 | G22: =+F22*E22 -> 187363.93
F23: =F14 -> SUB-TOTAL | G23: =SUM(G16:G22) -> 53899968
B24: 4 | C24: AREA PARQUE BIOSALUDABLE
B25: 4.1 | C25: =+C33 -> Retiro y transporte de caucho reciclado pigmentado aglomerado con resinas E= 3 cm | D25: m2 | E25: 45.85 | F25: =+'APU PARQUE BIOSALUDABLE'!H41 -> 8005.9333 | G25: =+F25*E25 -> 367072.04
B26: 4.2 | C26: demolicion de placa de contrapiso en concreto de 3000 psi, E= 8 cm | D26: m2 | E26: 45.85 | F26: =+'APU PARQUE BIOSALUDABLE'!H93 -> 17510.154 | G26: =+F26*E26 -> 802840.55
B27: 4.3 | C27: Cargue y Retiro de material Proveniente de demolicion. | D27: m3 | E27: =45.85*0.08 -> 3.668 | F27: =+'APU PARQUE BIOSALUDABLE'!H145 -> 65472.088 | G27: =+F27*E27 -> 240151.62
B28: 4.4 | C28: Nivelación y compactación de capa de base granular existente. | D28: m2 | E28: =+E26 -> 45.85 | F28: =+'APU PARQUE BIOSALUDABLE'!H197 -> 3277.5385 | G28: =+F28*E28 -> 150275.14
B29: 4.5 | C29: Placa de contrapiso en concreto de 3000 psi, E= 11 cm, incluye Malla Electrosoldada Medidas 6X2.35M Hueco 15X15Cm Diametro 4.0Mm (Xx-084) y pintura antideslizante para escenarios deportivos color azul, amarrillo, naranja. | D29: m2 | E29: 45.85 | F29: =+'APU PARQUE BIOSALUDABLE'!H255 -> 90288.11 | G29: =+F29*E29 -> 4139709.9
B30: 4.6 | C30: Suministro, transporte e instalación de 5 máquinas de gimnasio biosaludable, incluye anclajes, accesorios de fijación, montaje, ajuste y puesta en servicio. | D30: Glb | E30: 1 | F30: =+'APU PARQUE BIOSALUDABLE'!H320 -> 20261439 | G30: =+F30*E30 -> 20261439
F31: =F23 -> SUB-TOTAL | G31: =SUM(G25:G30) -> 25961488
B32: 5 | C32: AREA PARQUE RECREATIVO
B33: 5.1 | C33: Retiro y transporte de caucho reciclado pigmentado aglomerado con resinas E= 3 cm | D33: m2 | E33: 244.93 | F33: =+'APU PARQUE RECREATIVO'!H41 -> 7924.9333 | G33: =+F33*E33 -> 1941053.9
B34: 5.2 | C34: demolicion de placa de contrapiso en concreto de 3000 psi, E= 8 cm | D34: m2 | E34: =+E33 -> 244.93 | F34: =+'APU PARQUE RECREATIVO'!H93 -> 14565.949 | G34: =+F34*E34 -> 3567637.8
B35: 5.3 | C35: Cargue y retiro de material Proveniente de demolicion. | D35: m3 | E35: =244.93*0.08 -> 19.5944 | F35: =+'APU PARQUE RECREATIVO'!H145 -> 69972.088 | G35: =+F35*E35 -> 1371061.1
B36: 5.4 | C36: Nivelación y compactación de capa subrasante | D36: m2 | E36: =+E34 -> 244.93 | F36: =+'APU PARQUE RECREATIVO'!H197 -> 3277.5385 | G36: =+F36*E36 -> 802767.49
B37: 5.5 | C37: Suministro, nivelación y compactación de capa de relleno en material seleccionado, E= 12 cm | D37: m2 | E37: =24.84+43.45 -> 68.29 | F37: =+'APU PARQUE RECREATIVO'!H363 -> 16868.926 | G37: =+E37*F37 -> 1151978.9
B38: 5.6 | C38: Suministro Y Siembra De Plantas Ornamentales (Incluye Fertilizante, Follaje Y Abono Orgánico). | D38: und | E38: 70 | F38: =+'APU PARQUE RECREATIVO'!H417 -> 16769.311 | G38: =+E38*F38 -> 1173851.8
B39: 5.7 | C39: Placa de contrapiso en concreto de 3000 PSI, ALLANADA, para area de juegos infantiles , E= 11 cm, incluye Malla Electrosoldada Medidas 6X2.35M Hueco 15X15Cm Diametro 4.0Mm (Xx-084) y y pintura antideslizante para escenarios deportivos, Azul y Amarrillo. | D39: m2 | E39: =54.24+65.36 -> 119.6 | F39: =+'APU PARQUE RECREATIVO'!H255 -> 90288.11 | G39: =+E39*F39 -> 10798458
B40: 5.8 | C40: Placa de contrapiso en concreto de 3000 PSI, ESTAMPADO, para area de bancas, E= 11 cm, incluye Malla Electrosoldada Medidas 6X2.35M Hueco 15X15Cm Diametro 4.0Mm (Xx-084) y y pintura antideslizante para escenarios deportivos, color Naranja | D40: =+D39 -> m2 | E40: =22.63+34.41 -> 57.04 | F40: =+'APU PARQUE RECREATIVO'!H316 -> 94527.766 | G40: =+E40*F40 -> 5391863.7 | M40: .
B41: 5.9 | C41: Suministro de juegos infantiles para parque recreativo, fabricados con materiales resistentes para uso exterior, incluyendo estructura, accesorios, elementos de fijación, anclajes, acabados, transporte y demás componentes necesarios para su correcta instalación y funcionamiento. | D41: Glb | E41: 1 | F41: =+'APU PARQUE RECREATIVO'!H466 -> 29597394 | G41: =+F41 -> 29597394
F42: SUB-TOTAL | G42: =SUM(G33:G41) -> 55796067
B43: 6 | C43: ESPACIO PÚBLICO
B44: 6.1 | C44: Suministro e Instalacion de Bancas prefabricadas en concreto, de 1,80 x 0,45 x 0,45, con acabado en pintura café. (acabados en madera tipo oland) | D44: und | E44: 8 | F44: =+'APU ESPACIO PÚBLICO'!H41 -> 1925600 | G44: =+F44*E44 -> 15404800
B45: 6.2 | C45: S/I de Canecas mobiliario urbano 894 AI, en acero inoxidable, incluye transporte | D45: und | E45: 10 | F45: =+'APU ESPACIO PÚBLICO'!H92 -> 1002236.4 | G45: =+F45*E45 -> 10022364
B46: 6.3 | C46: Poda de aclareo de árboles, altura entre 3.1m - 12m, incluye transporte de residuos. | D46: Und | E46: 43 | F46: =+'APU ESPACIO PÚBLICO'!H144 -> 389832.08 | G46: =+F46*E46 -> 16762779
F47: =F31 -> SUB-TOTAL | G47: =SUM(G44:G46) -> 42189944
B48: 7 | C48: LIMPIEZA
B49: 7.1 | C49: Aseo general, incluye retiro. | D49: glb | E49: 1 | F49: =+'APU ESPACIO PÚBLICO'!H199 -> 2881086.2 | G49: =+F49*E49 -> 2881086.2
F50: =F31 -> SUB-TOTAL | G50: =SUM(G49) -> 2881086.2
C52: TOTAL COSTOS DIRECTOS | G52: =+SUM(G50+G47+G42+G31+G23+G14+G7) -> 3.0623129e+08
C53: TOTAL COSTOS INDIRECTOS (A.I.U. 30%) | G53: =ROUND((G52*0.3),0) -> 91869387
C54: TOTAL COSTOS PROYECTO | G54: =G52+G53 -> 3.9810068e+08
C55: VALOR DE INTERVENTORIA (7%) | G55: =G54*7% -> 27867047
C56: VALOR TOTAL DEL PROYECTO | G56: =G54+G55 -> 4.2596772e+08
C62: OMAR ANTONIO ROMÁN HERRERA
C63: Secretario de Planeación, Obras Públicas y Medio Ambiente
C64: Municipio de La Apartada Córdoba (E)
C65: Mediante Resolución N°. 286 de 08 de septiembre de 2026

Sheet  PPTO INTERVENTORÍA
C2: PRESUPUESTO DE LA INTERVENTORIA
C6: =+'[256]0. D.D.E'!$B$6 -> "INTERVENTORIA TECNICA, ADMINISTRATIVA Y FINANCIERA DEL PROYECTO QUE TIENE POR OBJETO: OBRAS DE MANTENIMIENTO Y ADECUCACION EN EL PARQUE DIVINO NIÑO DEL MUNICIPIO DE LA APARTADA CORDOBA. "
C8: N° | D8: CONCEPTO | E8: A | F8: B | G8: C | H8: D | I8: E | J8: F | K8: G
E9: SUELDO MES BÁSICO | F9: CANTIDAD | G9: % DE DEDICACIÓN | H9: F.M. | I9: VALOR MES (A * B * C* D) | J9: N° DE MESES | K9: TOTAL PARCIAL (E * F)
C10: 1 | D10: PERSONAL
C11: 1.1 | D11: PERSONAL DE SUPERVISIÓN
C12: 1.1.1 | D12: Director de Interventoría | E12: =+'[256]6. JORNA + PRESTA'!A11*2.6 -> 4552353 | F12: 1 | G12: 0.4 | H12: =+'[256]2.1 FACTOR MULTIPLICADOR'!G41 -> 1.9999985 | I12: =ROUND(E12*F12*G12*H12,0) -> 3641880 | J12: 1.5 | K12: =I12*J12 -> 5462820
C13: 1.1.2 | D13: Residente de Interventoría | E13: =+'[256]6. JORNA + PRESTA'!A11*2.1 -> 3676900.5 | F13: 1 | G13: =+'[256]1.1 DESGLOSE AI'!E26 -> 1 | H13: =+H12 -> 1.9999985 | I13: =ROUND(E13*F13*G13*H13,0) -> 7353795 | J13: 1.5 | K13: =I13*J13 -> 11030692
C14: 1.1.3 | D14: Topógrafo | E14: =+'[256]6. JORNA + PRESTA'!A11*1.8 -> 3151629 | F14: 1 | G14: =40% -> 0.4 | H14: =+H13 -> 1.9999985 | I14: =ROUND(E14*F14*G14*H14,0) -> 2521301 | J14: 1.5 | K14: =I14*J14 -> 3781951.5
D15: TOTAL COSTOS DE PERSONAL | K15: =SUM(K12:K14) -> 20275464
C17: OTROS COSTOS DIRECTOS
C19: 2 | D19: COSTOS DE ALQUILER DE EQUIPOS | H19: UNIDAD | I19: CANTIDAD | K19: VR/UNITARIO | L19: VR/TOTAL
C20: 2.1 | D20: Elaboracion de informes técnicos, fotocopias, reproduccion de documentos, fotografias | H20: MES | I20: 1.5 | K20: 900000 | L20: =K20*I20 -> 1350000
C21: 2.2 | D21: alquiiler de Oficina | H21: MES | I21: 1.5 | K21: 1100000 | L21: =K21*I21 -> 1650000
C22: 2.3 | D22: Planos record | H22: GB | I22: 1 | K22: 142222.55 | L22: =K22*I22 -> 142222.55
D23: SUBTOTAL OTROS COSTOS DIRECTOS | L23: =SUM(L20:L22) -> 3142222.6
C24: RESUMEN GENERAL
C26: VALOR TOTAL | L26: =L23+K15 -> 23417687
C27: IVA (19%) | L27: =L26*19% -> 4449360.4
C28: VALOR TOTAL | L28: =L26+L27 -> 27867047
G33: OMAR ANTONIO ROMÁN HERRERA
G34: Secretario de Planeación, Obras Públicas y Medio Ambiente
G35: Municipio de La Apartada Córdoba (E)
G36: Mediante Resolución N°. 286 de 08 de septiembre de 2026

Sheet MEMORIAS DE CANTIDADES
A1: MEMORIA DE CANTIDADES DE OBRA | K1: ALCALDIA DE LA APARTADA
A3: OBJETO: | D3: OBRAS DE MANTENIMIENTO Y ADECUCACION EN EL PARQUE DIVINO NIÑO DEL MUNICIPIO DE LA APARTADA CORDOBA
A5: FECHA DE ELABORACION: | H5: 46254 | K5: UNIDAD : | M5: M2
A6: ACTIVIDAD | C6: =+'PRESUPUESTO GENERAL'!C9 -> Retiro, desinstalación y transporte de grama sintética MD 462, Shock Pad drenante y caucho molido existente, retiro a zona de disposición autorizada. | K6: CANTIDAD: | M6: =+M19 -> 3084.3109
A7: ITEM | C7: 3.1 | G7: AREA DE LA PISTA DE JUEGO | H7: DIMENSIONES | L7: Frecuencia | M7: Medida total
H9: long | I9: ancho | J9: alto | K9: Cant.
G10: LADO SUPERIOR | H10: 63.96 | M10: =+H10 -> 63.96
G11: LADO INFERIOR | H11: 63.7361 | M11: =+H11 -> 63.7361
G12: LADO DERECHO | H12: 48.2641 | M12: =+H12 -> 48.2641
G13: LADO IZQUIERDO | H13: 48.35 | M13: =+H13 -> 48.35
M14: =K14 -> 0
M15: =K15 -> 0
M16: =K16 -> 0
M17: =K17 -> 0
M18: =K18 -> 0
G19: AREA TOTAL DE PISTA DE JUEGO | M19: =((63.96+63.7361)/2)*((48.35+ 48.2641)/2) -> 3084.3109
A20: OBSERVACIONES:
A25: HERNAN DARIO PUCHE MONTES
A26: Secretario de Planeación, Obras Públicas y Medio Ambiente
A27: Municipio de La Apartada Córdoba (E)
A28: Mediante Resolución N° 077 de 28 de abril de 2026
A41: MEMORIA DE CANTIDADES DE OBRA | K41: ALCALDIA DE LA APARTADA
A43: OBJETO: | D43: OBRAS DE MANTENIMIENTO Y ADECUCACION EN EL PARQUE DIVINO NIÑO DEL MUNICIPIO DE LA APARTADA CORDOBA
A45: FECHA DE ELABORACION: | H45: 46254 | K45: UNIDAD : | M45: M3
A46: ACTIVIDAD | C46: =+'PRESUPUESTO GENERAL'!C10 -> Retiro parcial, cargue y transporte de grava triturada lavada existente, con espesor promedio de 7,5 cm, incluyendo mano de obra, herramientas, cargue, transporte hasta el sitio de disposición final. | K46: CANTIDAD: | M46: =+M59 -> 231.32332
A47: ITEM | G47: VOLUMEN EXCAVACION | H47: DIMENSIONES | L47: Frecuencia | M47: Medida total
H49: long | I49: ancho | J49: alto | K49: und
G50: LADO SUPERIOR | H50: 63.96 | K50: m
G51: LADO INFERIOR | H51: 63.7361 | K51: m
G52: LADO DERECHO | H52: 48.2641 | K52: m
G53: LADO IZQUIERDO | H53: 48.35 | K53: m
G55: ESPESOR DE CAPA DE RETIRO | J55: 0.075 | K55: m
G56: AREA DE LA PISTA DE JUEGO | J56: =((63.96+63.7361)/2)*((48.35+ 48.2641)/2) -> 3084.3109 | K56: m2
G59: Volumen de retiro | M59: =+J55*J56 -> 231.32332
A60: OBSERVACIONES:
A81: MEMORIA DE CANTIDADES DE OBRA | K81: ALCALDIA DE LA APARTADA
A83: OBJETO: | D83: OBRAS DE MANTENIMIENTO Y ADECUCACION EN EL PARQUE DIVINO NIÑO DEL MUNICIPIO DE LA APARTADA CORDOBA
G85: FECHA DE ELABORACION: | H85: 46254 | K85: UNIDAD : | M85: M2
A86: ACTIVIDAD | C86: =+'PRESUPUESTO GENERAL'!C11 -> Renivelación del lecho filtrante hasta obtener pendiente de 1% del centro longitudinal de la cancha, hacia los costados, incluye compactación. | K86: CANTIDAD: | M86: =+M99 -> 3084.3109
A87: ITEM | C87: 3.1 | G87: AREA DE LA PISTA DE JUEGO | H87: DIMENSIONES | L87: Frecuencia | M87: Medida total
H89: long | I89: ancho | J89: alto | K89: Cant.
G90: LADO SUPERIOR | H90: 63.96
G91: LADO INFERIOR | H91: 63.7361
G92: LADO DERECHO | H92: 48.2641
G93: LADO IZQUIERDO | H93: 48.35
G99: AREA TOTAL DE PISTA DE JUEGO | M99: =((63.96+63.7361)/2)*((48.35+ 48.2641)/2) -> 3084.3109
A100: OBSERVACIONES:
A123: MEMORIA DE CANTIDADES DE OBRA | K123: ALCALDIA DE LA APARTADA
A125: OBJETO: | D125: OBRAS DE MANTENIMIENTO Y ADECUCACION EN EL PARQUE DIVINO NIÑO DEL MUNICIPIO DE LA APARTADA CORDOBA
G127: FECHA DE ELABORACION: | H127: 46254 | K127: UNIDAD : | M127: M2
A128: ACTIVIDAD | C128: =+'PRESUPUESTO GENERAL'!C12 -> Suministro e instalación de geotextil no tejido de polipropileno, punzonado, incluye traslapos, fijaciones, corte, instalación y demás elementos necesarios. | K128: CANTIDAD: | M128: =+M141 -> 3084.3109
A129: ITEM | C129: 3.1 | G129: AREA DE LA PISTA DE JUEGO | H129: DIMENSIONES | L129: Frecuencia | M129: Medida total
H131: long | I131: ancho | J131: alto | K131: Cant.
G132: LADO SUPERIOR | H132: 63.96
G133: LADO INFERIOR | H133: 63.7361
G134: LADO DERECHO | H134: 48.2641
G135: LADO IZQUIERDO | H135: 48.35
G141: AREA TOTAL DE PISTA DE JUEGO | M141: =((63.96+63.7361)/2)*((48.35+ 48.2641)/2) -> 3084.3109
A142: OBSERVACIONES:
A169: MEMORIA DE CANTIDADES DE OBRA | K169: ALCALDIA DE LA APARTADA
A171: OBJETO: | D171: OBRAS DE MANTENIMIENTO Y ADECUCACION EN EL PARQUE DIVINO NIÑO DEL MUNICIPIO DE LA APARTADA CORDOBA
A173: FECHA DE ELABORACION: | H173: 46254 | K173: UNIDAD : | M173: M3
A174: ACTIVIDAD | C174: =+'PRESUPUESTO GENERAL'!C13 -> Suministro e instalación de material seleccionado para relleno, arenoso con bajo contenido de finos, incluye extendida, nivelación y compacatación, E= 10 cm. | K174: CANTIDAD: | M174: =+M187 -> 308.43109
A175: ITEM | G175: VOLUMEN EXCAVACION | H175: DIMENSIONES | L175: Frecuencia | M175: Medida total
H177: long | I177: ancho | J177: alto | K177: und
G178: LADO SUPERIOR | H178: 63.96 | K178: m
G179: LADO INFERIOR | H179: 63.7361 | K179: m
G180: LADO DERECHO | H180: 48.2641 | K180: m
G181: LADO IZQUIERDO | H181: 48.35 | K181: m
G183: ESPESOR DE CAPA DE SUMINISTRO | J183: 0.1 | K183: m
G184: AREA DE LA PISTA DE JUEGO | J184: =((63.96+63.7361)/2)*((48.35+ 48.2641)/2) -> 3084.3109 | K184: m2
G187: TOTAL VOLUMEN DE RELLENO | M187: =+J183*J184 -> 308.43109
A188: OBSERVACIONES:
A223: MEMORIA DE CANTIDADES DE OBRA | K223: ALCALDIA DE LA APARTADA
A225: OBJETO: | D225: OBRAS DE MANTENIMIENTO Y ADECUCACION EN EL PARQUE DIVINO NIÑO DEL MUNICIPIO DE LA APARTADA CORDOBA
A227: FECHA DE ELABORACION: | H227: 46254 | K227: UNIDAD : | M227: UND
A228: ACTIVIDAD | C228: =+'PRESUPUESTO GENERAL'!C16 -> Mantenimiento de arcos metálicos de 7,32 mts x 2,44 mts, en tuberia de 3" y 4", incluye Red, anticorrosivo, pintura. | K228: CANTIDAD: | M228: =+M241 -> 2
A229: ITEM | G229: ARCOS METALICOS | H229: DIMENSIONES | L229: Frecuencia | M229: Medida total
H231: long | I231: ancho | J231: alto | K231: Cant.
M232: =K232 -> 0
M233: =K233 -> 0
M234: =K234 -> 0
G235: NUMERO DE ARCOS | K235: 2 | M235: 2
M236: =K236 -> 0
M237: =K237 -> 0
M238: =K238 -> 0
M239: =K239 -> 0
M240: =K240 -> 0
G241: TOTAL ARCOS | M241: =SUM(M232:M240) -> 2
A242: OBSERVACIONES:
A268: MEMORIA DE CANTIDADES DE OBRA | K268: ALCALDIA DE LA APARTADA
A270: OBJETO: | D270: OBRAS DE MANTENIMIENTO Y ADECUCACION EN EL PARQUE DIVINO NIÑO DEL MUNICIPIO DE LA APARTADA CORDOBA
G272: FECHA DE ELABORACION: | H272: 46254 | K272: UNIDAD : | M272: UND
A273: ACTIVIDAD | C273: =+'PRESUPUESTO GENERAL'!C17 -> Mantenimiento general de modulos en angulos de 1 1/4" calibre 14, platina de 1" x 1/8" y malla eslabonanda, incluye anticorrosivo y pintura. | K273: CANTIDAD: | M273: 65
A274: ITEM | G274: MODULOS | H274: DIMENSIONES | L274: Frecuencia | M274: Medida total
H276: long | I276: ancho | J276: alto | K276: Cant.
M277: =K277 -> 0
M278: =K278 -> 0
M279: =K279 -> 0
M280: =K280 -> 0
...

Sheet APU PRELIMINARES 
B7: ANALISIS DE PRECIOS UNITARIOS A.P.U.
B8: OBRAS DE MANTENIMIENTO Y ADECUCACION EN EL PARQUE DIVINO NIÑO DE EL MUNICIPIO DE LA APARTADA CORDOBA
B11: =+'PRESUPUESTO GENERAL'!C6 -> Suministro de comisión de topografía para replanteo, nivelación y control topográfico durante las diferentes etapas de la obra. Incluye personal técnico, equipos topográficos, niveles, alineamientos y cotas. | G11: UND: Glb
B15: I. EQUIPO
B16: Descripción | D16: Tipo | E16: Tarifa/Hora | F16: Horas | G16: Valor-Unit. | H16: Valor Total
B17: Estacion Total | D17: equipo | E17: 50000 | F17: 32 | G17: =+E17*F17 -> 1600000 | H17: =+G17 -> 1600000
B18: Nivel de precision | D18: equipo | E18: 28000 | F18: 64 | G18: =+E18*F18 -> 1792000 | H18: =+G18 -> 1792000
B20: herramienta menor | E20: 0.1 | G20: =+H40 -> 2912093.9 | H20: =+E20*G20 -> 291209.39
G21: Sub-Total | H21: =SUM(H17:H20) -> 3683209.4
B22: II. MATERIALES EN OBRA
B23: Descripción | D23: Unidad | E23: Precio-Unit. | F23: Cantidad | G23: Valor-Unit. | H23: Valor Total
C26: zx
G29: Sub-Total | H29: =SUM(H24:H28) -> 0
B30: III. TRANSPORTES
B31: Descripción | D31: Tipo | E31: Distancia | F31: Tarifa | G31: Valor-Unit. | H31: Valor Total
G34: Sub-Total | H34: =SUM(H32:H33) -> 0
B35: IV. MANO DE OBRA
B36: Trabajador | C36: Cantidad | D36: Jornal | E36: Prestaciones | F36: Jornal Total | G36: Días | H36: Valor-Unit.
B37: Topografo | C37: 1 | D37: =(1750905*2.4)/30 -> 140072.4 | E37: 1.8344 | F37: =+D37*E37 -> 256948.81 | G37: 8 | H37: =F37*G37 -> 2055590.5
B38: Auiliar de Topografía | C38: 1 | D38: 58364 | E38: 1.8344 | F38: =+D38*E38 -> 107062.92 | G38: 8 | H38: =+F38*G38 -> 856503.37
G40: Sub-Total | H40: =+SUM(H37:H39) -> 2912093.9
D42: Total Costo Directo | H42: =+H21+H29+H34+H40 -> 6595303.2
B45: OMAR ANTONIO ROMÁN HERRERA
B46: Secretario de Planeación, Obras Públicas y Medio Ambiente
B47: Municipio de La Apartada Córdoba (E)
B48: Mediante Resolución N°. 286 de 08 de septiembre de 2026

Sheet APU CANCHA DEPORTIVA 
B7: ANALISIS DE PRECIOS UNITARIOS A.P.U.
B8: OBRAS DE MANTENIMIENTO Y ADECUCACION EN EL PARQUE DIVINO NIÑO DE EL MUNICIPIO DE LA APARTADA CORDOBA
B11: =+'PRESUPUESTO GENERAL'!C9 -> Retiro, desinstalación y transporte de grama sintética MD 462, Shock Pad drenante y caucho molido existente, retiro a zona de disposición autorizada. | G11: UND: M2
B15: I. EQUIPO
B16: Descripción | D16: Tipo | E16: Tarifa/Hora | F16: Rendimiento | G16: Valor-Unit. | H16: Valor Total
B17: Herramienta menor | F17: 0.1 | G17: =+H39 -> 8208.087 | H17: =+F17*G17 -> 820.8087
B18: carretilla tipo buggy | E18: 6000 | F18: 6.25 | G18: =+E18/F18 -> 960 | H18: =+G18 -> 960
G20: Sub-Total | H20: =SUM(H17:H19) -> 1780.8087
B21: II. MATERIALES EN OBRA
B22: Descripción | D22: Unidad | E22: Precio-Unit. | F22: Cantidad | G22: Valor-Unit. | H22: Valor Total
G28: Sub-Total | H28: =SUM(H23:H27) -> 0
B29: III. TRANSPORTES
B30: Descripción | D30: m3 | E30: Distancia | F30: Tarifa m3/km | G30: Valor-Unit. | H30: Valor Total
B31: Volqueta Sencilla | D31: =1*0.04*1*1.3 -> 0.052 | E31: 3 | F31: =3350*116% -> 3886 | G31: =+D31*E31*F31 -> 606.216 | H31: =+G31 -> 606.216
G33: Sub-Total | H33: =SUM(H31:H32) -> 606.216
B34: IV. MANO DE OBRA
B35: Trabajador | C35: Cantidad | D35: Jornal | E35: Prestaciones | F35: Jornal Total | G35: Rendimiento | H35: Valor-Unit.
B36: Oficial | C36: 1 | D36: =+'APU PARQUE RECREATIVO'!D250 -> 93381.6 | E36: 1.8344 | F36: =+D36*C36*E36 -> 171299.21 | G36: 60 | H36: =F36/G36 -> 2854.9868
B37: ayudante | C37: 3 | D37: =+'APU PARQUE RECREATIVO'!D251 -> 58363.5 | E37: 1.8344 | F37: =+D37*C37*E37 -> 321186.01 | G37: 60 | H37: =+F37/G37 -> 5353.1002
G39: Sub-Total | H39: =+SUM(H36:H38) -> 8208.087
D41: Total Costo Directo | H41: =+H20+H28+H33+H39 -> 10595.112
B44: OMAR ANTONIO ROMÁN HERRERA
B45: Secretario de Planeación, Obras Públicas y Medio Ambiente
B46: Municipio de La Apartada Córdoba (E)
B47: Mediante Resolución N°. 286 de 08 de septiembre de 2026
B58: ANALISIS DE PRECIOS UNITARIOS A.P.U.
B59: OBRAS DE MANTENIMIENTO Y ADECUCACION EN EL PARQUE DIVINO NIÑO DE EL MUNICIPIO DE LA APARTADA CORDOBA
B62: =+'PRESUPUESTO GENERAL'!C10 -> Retiro parcial, cargue y transporte de grava triturada lavada existente, con espesor promedio de 7,5 cm, incluyendo mano de obra, herramientas, cargue, transporte hasta el sitio de disposición final. | G62: UND: M3
B66: I. EQUIPO
B67: Descripción | D67: Tipo | E67: Tarifa/Hora | F67: Rendimiento | G67: Valor-Unit. | H67: Valor Total
B68: Herramienta menor | F68: 0.1 | G68: =+H90 -> 14274.934 | H68: =+F68*G68 -> 1427.4934
B69: Mini cargador | D69: equipo | E69: =140000*116% -> 162400 | F69: 3.5 | G69: =+E69/F69 -> 46400 | H69: =+G69 -> 46400
G71: Sub-Total | H71: =SUM(H68:H70) -> 47827.493
B72: II. MATERIALES EN OBRA
B73: Descripción | D73: Unidad | E73: Precio-Unit. | F73: Cantidad | G73: Valor-Unit. | H73: Valor Total
G79: Sub-Total | H79: =SUM(H74:H78) -> 0
B80: III. TRANSPORTES
B81: Descripción | D81: Tipo | E81: Distancia km | F81: Tarifa | G81: Valor-Unit. | H81: Valor Total
B82: Volqueta sencilla | D82: =1*1.3 -> 1.3 | E82: 3 | F82: 4241 | G82: =+D82*E82*F82 -> 16539.9 | H82: =+G82 -> 16539.9
G84: Sub-Total | H84: =SUM(H82:H83) -> 16539.9
B85: IV. MANO DE OBRA
B86: Trabajador | C86: Cantidad | D86: Jornal | E86: Prestaciones | F86: Jornal Total | G86: Rendimiento | H86: Valor-Unit.
B87: Operador de maquinaria | C87: 1 | D87: =+D88*2 -> 116727 | E87: 1.8344 | F87: =C87*D87*E87 -> 214124.01 | G87: 30 | H87: =F87/G87 -> 7137.467
B88: ayudante | C88: 2 | D88: =+D37 -> 58363.5 | E88: 1.8344 | F88: =+D88*C88*E88 -> 214124.01 | G88: 30 | H88: =+F88/G88 -> 7137.467
G90: Sub-Total | H90: =+SUM(H87:H89) -> 14274.934
D92: Total Costo Directo | H92: =+H71+H79+H84+H90 -> 78642.327
B95: OMAR ANTONIO ROMÁN HERRERA
B96: Secretario de Planeación, Obras Públicas y Medio Ambiente
B97: Municipio de La Apartada Córdoba (E)
B98: Mediante Resolución N°. 286 de 08 de septiembre de 2026
B110: ANALISIS DE PRECIOS UNITARIOS A.P.U.
B111: OBRAS DE MANTENIMIENTO Y ADECUCACION EN EL PARQUE DIVINO NIÑO DE EL MUNICIPIO DE LA APARTADA CORDOBA
B114: =+'PRESUPUESTO GENERAL'!C11 -> Renivelación del lecho filtrante hasta obtener pendiente de 1% del centro longitudinal de la cancha, hacia los costados, incluye compactación. | G114: UND: M2
B118: I. EQUIPO
B119: Descripción | D119: Tipo | E119: Tarifa/Hora | F119: Rendimiento | G119: Valor-Unit. | H119: Valor Total
B120: Herramienta menor | F120: 0.1 | G120: =+H144 -> 148.69723 | H120: =+F120*G120 -> 14.869723
B121: carretilla tipo buggy | E121: 6000 | F121: 90 | G121: =+E121/F121 -> 66.666667 | H121: =+G121 -> 66.666667
B122: Mini cargador, incluye operador | D122: equipo | E122: =140000*116% -> 162400 | F122: 90 | G122: =+E122/F122 -> 1804.4444 | H122: =+G122 -> 1804.4444
B123: compactador tipo rana | D123: equipo | E123: 34000 | F123: 45 | G123: =+E123/F123 -> 755.55556 | H123: =+G123 -> 755.55556
B124: vibrocompactador, incluye operador | D124: equipo | E124: =150000*116% -> 174000 | F124: 80 | G124: =+E124/F124 -> 2175 | H124: =+G124 -> 2175
G125: Sub-Total | H125: =SUM(H120:H124) -> 4816.5364
B126: II. MATERIALES EN OBRA
B127: Descripción | D127: Unidad | E127: Precio-Unit. | F127: Cantidad | G127: Valor-Unit. | H127: Valor Total
G133: Sub-Total | H133: =SUM(H128:H132) -> 0
B134: III. TRANSPORTES
B135: Descripción | D135: Tipo | E135: Distancia | F135: Tarifa | G135: Valor-Unit. | H135: Valor Total
G138: Sub-Total | H138: =SUM(H136:H137) -> 0
B139: IV. MANO DE OBRA
B140: Trabajador | C140: Cantidad | D140: Jornal | E140: Prestaciones | F140: Jornal Total | G140: Rendimiento | H140: Valor-Unit.
B141: Oficial | C141: 1 | E141: 1.8344 | F141: =+D141*C141*E141 -> 0
B142: ayudante | C142: 1 | D142: =+D88 -> 58363.5 | E142: 1.8344 | F142: =+D142*C142*E142 -> 107062 | G142: =90*8 -> 720 | H142: =+F142/G142 -> 148.69723
G144: Sub-Total | H144: =+SUM(H141:H143) -> 148.69723
D146: Total Costo Directo | H146: =+H125+H133+H138+H144 -> 4965.2336
B149: OMAR ANTONIO ROMÁN HERRERA
B150: Secretario de Planeación, Obras Públicas y Medio Ambiente
B151: Municipio de La Apartada Córdoba (E)
B152: Mediante Resolución N°. 286 de 08 de septiembre de 2026
B164: ANALISIS DE PRECIOS UNITARIOS A.P.U.
B165: =+'PRESUPUESTO GENERAL'!B1 -> OBRAS DE MANTENIMIENTO Y ADECUCACION EN EL PARQUE DIVINO NIÑO DEL MUNICIPIO DE LA APARTADA CORDOBA.
B168: =+'PRESUPUESTO GENERAL'!C12 -> Suministro e instalación de geotextil no tejido de polipropileno, punzonado, incluye traslapos, fijaciones, corte, instalación y demás elementos necesarios. | G168: UND: M2
B172: I. EQUIPO
B173: Descripción | D173: Tipo | E173: Tarifa/Hora | F173: Rendimiento | G173: Valor-Unit. | H173: Valor Total
B174: Herramienta menor | F174: 0.1 | G174: =+H196 -> 1070.62 | H174: =+F174*G174 -> 107.062
G175: =+E175*F175 -> 0 | H175: =+G175 -> 0
G177: Sub-Total | H177: =SUM(H174:H176) -> 107.062
B178: II. MATERIALES EN OBRA
B179: Descripción | D179: Unidad | E179: Precio-Unit. | F179: Cantidad | G179: Valor-Unit. | H179: Valor Total
B180: Geotextil NT 1600S 1x3.5m Pavco Wavin | D180: m2 | E180: =3685*116% -> 4274.6 | F180: 1 | G180: =+E180*F180 -> 4274.6 | H180: =+G180 -> 4274.6
B183: desperdicio | D183: % | E183: =+SUM(G180:G182) -> 4274.6 | F183: 0.05 | G183: =+F183*E183 -> 213.73 | H183: =+G183 -> 213.73
G185: Sub-Total | H185: =SUM(H180:H184) -> 4488.33
B186: III. TRANSPORTES
B187: Descripción | D187: Tipo | E187: Distancia | F187: Tarifa | G187: Valor-Unit. | H187: Valor Total
G190: Sub-Total | H190: =SUM(H188:H189) -> 0
B191: IV. MANO DE OBRA
B192: Trabajador | C192: Cantidad | D192: Jornal | E192: Prestaciones | F192: Jornal Total | G192: Rendimiento | H192: Valor-Unit.
B193: Oficial | C193: 1 | D193: =+D36 -> 93381.6 | E193: 1.8344 | F193: =+D193*C193*E193 -> 171299.21 | G193: 360 | H193: =F193/G193 -> 475.83113
B194: ayudante | C194: 2 | D194: =+D88 -> 58363.5 | E194: 1.8344 | F194: =+D194*C194*E194 -> 214124.01 | G194: 360 | H194: =+F194/G194 -> 594.78891
G196: Sub-Total | H196: =+SUM(H193:H195) -> 1070.62
D198: Total Costo Directo | H198: =+H177+H185+H190+H196 -> 5666.012
B201: OMAR ANTONIO ROMÁN HERRERA
...

Sheet APU CERREAMIENTO PERIMETRAL CA 
B8: ANALISIS DE PRECIOS UNITARIOS A.P.U.
B9: OBRAS DE MANTENIMIENTO Y ADECUCACION EN EL PARQUE DIVINO NIÑO DE EL MUNICIPIO DE LA APARTADA CORDOBA
B12: =+'PRESUPUESTO GENERAL'!C16 -> Mantenimiento de arcos metálicos de 7,32 mts x 2,44 mts, en tuberia de 3" y 4", incluye Red, anticorrosivo, pintura. | G12: UND: UND
M15: 1750905
B16: I. EQUIPO | M16: =+(M15*1.6)/30 -> 93381.6
B17: Descripción | D17: Tipo | E17: Tarifa/Hora | F17: Rendimiento | G17: Valor-Unit. | H17: Valor Total | M17: =+M15/30 -> 58363.5
B18: Herramienta menor | F18: 0.1 | G18: =+H46 -> 278361.21 | H18: =+F18*G18 -> 27836.121 | M18: =+(M15*1.7)/30 -> 99217.95
B19: Pulidora | E19: 10000 | F19: 2 | G19: =+E19*F19 -> 20000 | H19: =+G19 -> 20000
G21: Sub-Total | H21: =SUM(H18:H20) -> 47836.121
B22: II. MATERIALES EN OBRA
B23: Descripción | D23: Unidad | E23: Precio-Unit. | F23: Cantidad | G23: Valor-Unit. | H23: Valor Total
B24: Lija metálica ( grano 100 ) | D24: und | E24: 3750 | F24: 6 | G24: =+E24*F24 -> 22500 | H24: =+G24 -> 22500
B25: anticorrosivo | D25: gal | E25: 75900 | F25: 0.5 | G25: =+E25*F25 -> 37950 | H25: =+G25 -> 37950
B26: Pintura Esmalte blanco | D26: gal | E26: 122900 | F26: 0.75 | G26: =+E26*F26 -> 92175 | H26: =+G26 -> 92175
B27: Thinner | D27: gal | E27: 52900 | F27: 0.25 | G27: =+E27*F27 -> 13225 | H27: =+G27 -> 13225
B28: Brochas | D28: und | E28: 13900 | F28: 2 | G28: =+E28*F28 -> 27800 | H28: =+G28 -> 27800
B29: Estopa | D29: kg | E29: 8000 | F29: 1 | G29: =+E29*F29 -> 8000 | H29: =+G29 -> 8000
B30: Electrodo 6013 | D30: kg | E30: 15000 | F30: 1 | G30: =+E30*F30 -> 15000 | H30: =+G30 -> 15000
B31: disco pulidora | D31: und | E31: 6000 | F31: 2 | G31: =+E31*F31 -> 12000 | H31: =+G31 -> 12000
B32: Malla para futbol 11 Calibre 5 tipo cabaña | D32: und | E32: 329900 | F32: 1 | G32: =+E32*F32 -> 329900 | H32: =+G32 -> 329900
D33: =+IF(B33=0,"",(VLOOKUP(B33,[172]MATERIALES!$B$6:$D$149,3,FALSE))) | G33: =+E33*F33 -> 0 | H33: =+G33 -> 0
G34: =+E34*F34 -> 0 | H34: =+G34 -> 0
G35: Sub-Total | H35: =SUM(H24:H34) -> 558550
B36: III. TRANSPORTES
B37: Descripción | D37: m3 | E37: Distancia | F37: Tarifa M3/km | G37: Valor-Unit. | H37: Valor Total
G40: Sub-Total | H40: =SUM(H38:H39) -> 0
B41: IV. MANO DE OBRA
B42: Trabajador | C42: Cantidad | D42: Jornal | E42: Prestaciones | F42: Jornal Total | G42: Rendimiento | H42: Valor-Unit.
B43: Oficial especializado | C43: 1 | D43: =+M16 -> 93381.6 | E43: 1.8344 | F43: =+D43*C43*E43 -> 171299.21 | G43: 1 | H43: =F43/G43 -> 171299.21
B44: ayudante | C44: 1 | D44: =+M17 -> 58363.5 | E44: 1.8344 | F44: =+D44*C44*E44 -> 107062 | G44: 1 | H44: =+F44/G44 -> 107062
G46: Sub-Total | H46: =+SUM(H43:H45) -> 278361.21
D48: Total Costo Directo | H48: =+H21+H35+H40+H46 -> 884747.33
B51: OMAR ANTONIO ROMÁN HERRERA
B52: Secretario de Planeación, Obras Públicas y Medio Ambiente
B53: Municipio de La Apartada Córdoba (E)
B54: Mediante Resolución N°. 286 de 08 de septiembre de 2026
B66: ANALISIS DE PRECIOS UNITARIOS A.P.U.
B67: OBRAS DE MANTENIMIENTO Y ADECUCACION EN EL PARQUE DIVINO NIÑO DE EL MUNICIPIO DE LA APARTADA CORDOBA
B70: =+'PRESUPUESTO GENERAL'!C17 -> Mantenimiento general de modulos en angulos de 1 1/4" calibre 14, platina de 1" x 1/8" y malla eslabonanda, incluye anticorrosivo y pintura. | G70: UND: und
B74: I. EQUIPO
B75: Descripción | D75: Tipo | E75: Tarifa/Hora | F75: Rendimiento | G75: Valor-Unit. | H75: Valor Total
B76: Herramienta menor | F76: 0.1 | G76: =+H104 -> 69590.303 | H76: =+F76*G76 -> 6959.0303
B77: pulidora | E77: 10000 | F77: 1 | G77: =+E77*F77 -> 10000 | H77: =+G77 -> 10000
G79: Sub-Total | H79: =SUM(H76:H78) -> 16959.03
B80: II. MATERIALES EN OBRA
B81: Descripción | D81: Unidad | E81: Precio-Unit. | F81: Cantidad | G81: Valor-Unit. | H81: Valor Total
B82: Lija metalica grano 120 | D82: und | E82: 3750 | F82: 4 | G82: =+E82*F82 -> 15000 | H82: =+G82 -> 15000
B83: Thinner | D83: gal | E83: 52900 | F83: 0.3 | G83: =+E83*F83 -> 15870 | H83: =+G83 -> 15870
B84: Brochas | D84: und | E84: 13900 | F84: 1 | G84: =+E84*F84 -> 13900 | H84: =+G84 -> 13900
B85: Estopa | D85: kg | E85: 8000 | F85: 0.5 | G85: =+E85*F85 -> 4000 | H85: =+G85 -> 4000
B86: anticorrosivo | D86: gal | E86: 75900 | F86: 0.4 | G86: =+E86*F86 -> 30360 | H86: =+G86 -> 30360
B87: Pintura Esmalte azul | D87: gal | E87: 122900 | F87: 0.75 | G87: =+E87*F87 -> 92175 | H87: =+G87 -> 92175
G93: Sub-Total | H93: =SUM(H82:H92) -> 171305
B94: III. TRANSPORTES
B95: Descripción | D95: m3 | E95: Distancia | F95: Tarifa M3/km | G95: Valor-Unit. | H95: Valor Total
G98: Sub-Total | H98: =SUM(H96:H97) -> 0
B99: IV. MANO DE OBRA
B100: Trabajador | C100: Cantidad | D100: Jornal | E100: Prestaciones | F100: Jornal Total | G100: Rendimiento | H100: Valor-Unit.
B101: Oficial | C101: 1 | D101: =+D43 -> 93381.6 | E101: 1.8344 | F101: =+D101*C101*E101 -> 171299.21 | G101: 4 | H101: =F101/G101 -> 42824.802
B102: ayudante | C102: 1 | D102: =+D44 -> 58363.5 | E102: 1.8344 | F102: =+D102*C102*E102 -> 107062 | G102: 4 | H102: =+F102/G102 -> 26765.501
G104: Sub-Total | H104: =+SUM(H101:H103) -> 69590.303
D106: Total Costo Directo | H106: =+H79+H93+H98+H104 -> 257854.33
B109: OMAR ANTONIO ROMÁN HERRERA
B110: Secretario de Planeación, Obras Públicas y Medio Ambiente
B111: Municipio de La Apartada Córdoba (E)
B112: Mediante Resolución N°. 286 de 08 de septiembre de 2026
B123: ANALISIS DE PRECIOS UNITARIOS A.P.U.
B124: OBRAS DE MANTENIMIENTO Y ADECUCACION EN EL PARQUE DIVINO NIÑO DE EL MUNICIPIO DE LA APARTADA CORDOBA
B127: =+'PRESUPUESTO GENERAL'!C18 -> Fabricación de modulos en angulos 1 1/4" calibre 14, platina de 1" x 1/8" y malla eslabonanda, de dimension 2,75m x 2,30m. | G127: UND: und
B131: I. EQUIPO
B132: Descripción | D132: Tipo | E132: Tarifa/Hora | F132: Rendimiento | G132: Valor-Unit. | H132: Valor Total
B133: Herramienta menor | F133: 0.1 | G133: =+H165 -> 171299.21 | H133: =+F133*G133 -> 17129.921
B134: pulidora | E134: 10000 | F134: 2 | G134: =+E134*F134 -> 20000 | H134: =+G134 -> 20000
G136: Sub-Total | H136: =SUM(H133:H135) -> 37129.921
B137: II. MATERIALES EN OBRA
B138: Descripción | D138: Unidad | E138: Precio-Unit. | F138: Cantidad | G138: Valor-Unit. | H138: Valor Total
B139: Ángulo 1¼” cal 14 | D139: und | E139: 95400 | F139: 3.5 | G139: =+E139*F139 -> 333900 | H139: =+G139 -> 333900
B140: Platina 1” x 1/8” | D140: und | E140: 44900 | F140: 0.8 | G140: =+E140*F140 -> 35920 | H140: =+G140 -> 35920
B141: tubos galvanizado 2" cal 14 | D141: und | E141: 107400 | F141: 1.2 | G141: =+E141*F141 -> 128880 | H141: =+G141 -> 128880
B142: Malla eslabonada galvanizada | D142: m2 | E142: 16545 | F142: =2.75*2.3 -> 6.325 | G142: =+E142*F142 -> 104647.12 | H142: =+G142 -> 104647.12
B143: Alambre galvanizado | D143: kg | E143: 12900 | F143: 0.5 | G143: =+E143*F143 -> 6450 | H143: =+G143 -> 6450
B144: anticorrosivo | D144: gal | E144: 75900 | F144: 0.4 | G144: =+E144*F144 -> 30360 | H144: =+G144 -> 30360
B145: Pintura Esmalte azul | D145: gal | E145: 122900 | F145: 0.75 | G145: =+E145*F145 -> 92175 | H145: =+G145 -> 92175
B146: Thinner | D146: gal | E146: 52900 | F146: 0.3 | G146: =+E146*F146 -> 15870 | H146: =+G146 -> 15870
B147: Electrodo 6013 | D147: kg | E147: 15000 | F147: 1 | G147: =+E147*F147 -> 15000 | H147: =+G147 -> 15000
B148: disco pulidora | D148: und | E148: 6000 | F148: 4 | G148: =+E148*F148 -> 24000 | H148: =+G148 -> 24000
H149: =+G149 -> 0
H150: =+G150 -> 0
H151: =+G151 -> 0
B152: desperdicio | D152: % | E152: =+SUM(G139:G148) -> 787202.12 | F152: 0.05 | G152: =+E152*F152 -> 39360.106 | H152: =+G152 -> 39360.106
G154: Sub-Total | H154: =SUM(H139:H153) -> 826562.23
B155: III. TRANSPORTES
B156: Descripción | D156: m3 | E156: Distancia | F156: Tarifa M3/km | G156: Valor-Unit. | H156: Valor Total
G159: Sub-Total | H159: =SUM(H157:H158) -> 0
B160: IV. MANO DE OBRA
B161: Trabajador | C161: Cantidad | D161: Jornal | E161: Prestaciones | F161: Jornal Total | G161: Rendimiento | H161: Valor-Unit.
B162: Oficial | C162: 1 | D162: =+D101 -> 93381.6 | E162: 1.8344 | F162: =+D162*C162*E162 -> 171299.21 | G162: 2 | H162: =F162/G162 -> 85649.604
B163: ayudante | C163: 1 | D163: =+D102 -> 58363.5 | E163: 1.8344 | F163: =+D162*C163*E163 -> 171299.21 | G163: 2 | H163: =+F163/G163 -> 85649.604
G165: Sub-Total | H165: =+SUM(H162:H164) -> 171299.21
D167: Total Costo Directo | H167: =+H136+H154+H159+H165 -> 1034991.4
...

Sheet APU PARQUE BIOSALUDABLE
B7: ANALISIS DE PRECIOS UNITARIOS A.P.U.
B8: OBRAS DE MANTENIMIENTO Y ADECUCACION EN EL PARQUE DIVINO NIÑO DE EL MUNICIPIO DE LA APARTADA CORDOBA
B11: =+'PRESUPUESTO GENERAL'!C25 -> Retiro y transporte de caucho reciclado pigmentado aglomerado con resinas E= 3 cm | G11: UND: M2
B15: I. EQUIPO
B16: Descripción | D16: Tipo | E16: Tarifa/Hora | F16: Rendimiento | G16: Valor-Unit. | H16: Valor Total
B17: Herramienta menor | F17: 0.1 | G17: =+H39 -> 6959.0303 | H17: =+F17*G17 -> 695.90303
G18: =+E18*F18 -> 0 | H18: =+G18 -> 0
G20: Sub-Total | H20: =SUM(H17:H19) -> 695.90303
B21: II. MATERIALES EN OBRA
B22: Descripción | D22: Unidad | E22: Precio-Unit. | F22: Cantidad | G22: Valor-Unit. | H22: Valor Total
G28: Sub-Total | H28: =SUM(H23:H27) -> 0
B29: III. TRANSPORTES
B30: Descripción | D30: m3 | E30: Distancia | F30: Tarifa M3/km | G30: Valor-Unit. | H30: Valor Total
B31: volqueta sencilla | D31: =1*0.03*1*1.3 -> 0.039 | E31: 3 | F31: 3000 | G31: =+D31*E31*F31 -> 351
G33: Sub-Total | H33: =+G31 -> 351
B34: IV. MANO DE OBRA
B35: Trabajador | C35: Cantidad | D35: Jornal | E35: Prestaciones | F35: Jornal Total | G35: Rendimiento | H35: Valor-Unit.
B36: Oficial | C36: 1 | D36: 93381.6 | E36: 1.8344 | F36: =+D36*C36*E36 -> 171299.21 | G36: 40 | H36: =F36/G36 -> 4282.4802
B37: ayudante | C37: 1 | D37: 58363.5 | E37: 1.8344 | F37: =+D37*C37*E37 -> 107062 | G37: 40 | H37: =+F37/G37 -> 2676.5501
G39: Sub-Total | H39: =+SUM(H36:H38) -> 6959.0303
D41: Total Costo Directo | H41: =+H20+H28+H33+H39 -> 8005.9333
B44: OMAR ANTONIO ROMÁN HERRERA
B45: Secretario de Planeación, Obras Públicas y Medio Ambiente
B46: Municipio de La Apartada Córdoba (E)
B47: Mediante Resolución N°. 286 de 08 de septiembre de 2026
B58: ANALISIS DE PRECIOS UNITARIOS A.P.U.
B59: OBRAS DE MANTENIMIENTO Y ADECUCACION EN EL PARQUE DIVINO NIÑO DE EL MUNICIPIO DE LA APARTADA CORDOBA
B62: =+'PRESUPUESTO GENERAL'!C26 -> demolicion de placa de contrapiso en concreto de 3000 psi, E= 8 cm | G62: UND: M2
B66: I. EQUIPO
B67: Descripción | D67: Tipo | E67: Tarifa/Hora | F67: Rendimiento | G67: Valor-Unit. | H67: Valor Total
B68: Herramienta menor | F68: 0.1 | G68: =+H91 -> 10706.2 | H68: =+F68*G68 -> 1070.62
B69: Martillo demoledor eléctrico | E69: 12000 | F69: 3 | G69: =+E69/F69 -> 4000 | H69: =+G69 -> 4000
B70: Carretilla buggy | E70: 3000 | F70: 8 | G70: =+E70/F70 -> 375 | H70: =+G70 -> 375
B71: pulidora angular 7" | E71: 5500 | F71: 12 | G71: =+E71/F71 -> 458.33333 | H71: =+G71 -> 458.33333
G72: Sub-Total | H72: =SUM(H68:H71) -> 5903.9534
B73: II. MATERIALES EN OBRA
B74: Descripción | D74: Unidad | E74: Precio-Unit. | F74: Cantidad | G74: Valor-Unit. | H74: Valor Total
G80: Sub-Total | H80: =SUM(H75:H79) -> 0
B81: III. TRANSPORTES
B82: Descripción | D82: m3 | E82: Distancia | F82: Tarifa M3/km | G82: Valor-Unit. | H82: Valor Total
B83: volqueta sencilla | D83: =1*0.1*1 -> 0.1 | E83: 3 | F83: 3000 | G83: =+D83*E83*F83 -> 900 | H83: =+G83 -> 900
G85: Sub-Total | H85: =SUM(H83:H84) -> 900
B86: IV. MANO DE OBRA
B87: Trabajador | C87: Cantidad | D87: Jornal | E87: Prestaciones | F87: Jornal Total | G87: Rendimiento | H87: Valor-Unit.
B88: Oficial
B89: ayudante | C89: 3 | D89: 58363.5 | E89: 1.8344 | F89: =+D89*C89*E89 -> 321186.01 | G89: 30 | H89: =+F89/G89 -> 10706.2
G91: Sub-Total | H91: =+SUM(H88:H90) -> 10706.2
D93: Total Costo Directo | H93: =+H72+H80+H85+H91 -> 17510.154
B96: OMAR ANTONIO ROMÁN HERRERA
B97: Secretario de Planeación, Obras Públicas y Medio Ambiente
B98: Municipio de La Apartada Córdoba (E)
B99: Mediante Resolución N°. 286 de 08 de septiembre de 2026
B111: ANALISIS DE PRECIOS UNITARIOS A.P.U.
B112: OBRAS DE MANTENIMIENTO Y ADECUCACION EN EL PARQUE DIVINO NIÑO DE EL MUNICIPIO DE LA APARTADA CORDOBA
B115: =+'PRESUPUESTO GENERAL'!C27 -> Cargue y Retiro de material Proveniente de demolicion. | G115: UND: M3
B119: I. EQUIPO
B120: Descripción | D120: Tipo | E120: Tarifa/Hora | F120: Rendimiento | G120: Valor-Unit. | H120: Valor Total
B121: Herramienta menor | F121: 0.1 | G121: =+H143 -> 45883.716 | H121: =+F121*G121 -> 4588.3716
G122: =+E122*F122 -> 0 | H122: =+G122 -> 0
G124: Sub-Total | H124: =SUM(H121:H123) -> 4588.3716
B125: II. MATERIALES EN OBRA
B126: Descripción | D126: Unidad | E126: Precio-Unit. | F126: Cantidad | G126: Valor-Unit. | H126: Valor Total
G132: Sub-Total | H132: =SUM(H127:H131) -> 0
B133: III. TRANSPORTES
B134: Descripción | D134: m3 | E134: Distancia km | F134: Tarifa M3/km | G134: Valor-Unit. | H134: Valor Total
B135: volqueta sencilla | D135: 1 | E135: 3 | F135: 5000 | G135: =+D135*E135*F135 -> 15000 | H135: =+G135 -> 15000
G137: Sub-Total | H137: =SUM(H135:H136) -> 15000
B138: IV. MANO DE OBRA
B139: Trabajador | C139: Cantidad | D139: Jornal | E139: Prestaciones | F139: Jornal Total | G139: Rendimiento | H139: Valor-Unit.
B141: ayudante | C141: 3 | D141: 58363.5 | E141: 1.8344 | F141: =+D141*C141*E141 -> 321186.01 | G141: 7 | H141: =+F141/G141 -> 45883.716
G143: Sub-Total | H143: =+SUM(H140:H142) -> 45883.716
D145: Total Costo Directo | H145: =+H124+H132+H137+H143 -> 65472.088
B148: OMAR ANTONIO ROMÁN HERRERA
B149: Secretario de Planeación, Obras Públicas y Medio Ambiente
B150: Municipio de La Apartada Córdoba (E)
B151: Mediante Resolución N°. 286 de 08 de septiembre de 2026
B163: ANALISIS DE PRECIOS UNITARIOS A.P.U.
B164: OBRAS DE MANTENIMIENTO Y ADECUCACION EN EL PARQUE DIVINO NIÑO DE EL MUNICIPIO DE LA APARTADA CORDOBA
B167: Nivelación y compactación de capa de base granular existente. | G167: UND: M2
B171: I. EQUIPO
B172: Descripción | D172: Tipo | E172: Tarifa/Hora | F172: Rendimiento | G172: Valor-Unit. | H172: Valor Total
B173: Herramienta menor | F173: 0.1 | G173: =+H195 -> 2676.5501 | H173: =+F173*G173 -> 267.65501
B174: Compactador tipo rana 5 HP | E174: 10000 | F174: 30 | G174: =+E174/F174 -> 333.33333 | H174: =+G174 -> 333.33333
G176: Sub-Total | H176: =SUM(H173:H175) -> 600.98834
B177: II. MATERIALES EN OBRA
B178: Descripción | D178: Unidad | E178: Precio-Unit. | F178: Cantidad | G178: Valor-Unit. | H178: Valor Total
G184: Sub-Total | H184: =SUM(H179:H183) -> 0
B185: III. TRANSPORTES
B186: Descripción | D186: m3 | E186: Distancia | F186: Tarifa M3/km | G186: Valor-Unit. | H186: Valor Total
G189: Sub-Total | H189: =SUM(H187:H188) -> 0
B190: IV. MANO DE OBRA
B191: Trabajador | C191: Cantidad | D191: Jornal | E191: Prestaciones | F191: Jornal Total | G191: Rendimiento | H191: Valor-Unit.
B193: ayudante | C193: 2 | D193: 58363.5 | E193: 1.8344 | F193: =+D193*C193*E193 -> 214124.01 | G193: 80 | H193: =+F193/G193 -> 2676.5501
G195: Sub-Total | H195: =+SUM(H192:H194) -> 2676.5501
D197: Total Costo Directo | H197: =+H176+H184+H189+H195 -> 3277.5385
B200: OMAR ANTONIO ROMÁN HERRERA
B201: Secretario de Planeación, Obras Públicas y Medio Ambiente
B202: Municipio de La Apartada Córdoba (E)
B203: Mediante Resolución N°. 286 de 08 de septiembre de 2026
B215: ANALISIS DE PRECIOS UNITARIOS A.P.U.
...

Sheet APU ESPACIO PÚBLICO
B7: ANALISIS DE PRECIOS UNITARIOS A.P.U.
B8: OBRAS DE MANTENIMIENTO Y ADECUCACION EN EL PARQUE DIVINO NIÑO DE EL MUNICIPIO DE LA APARTADA CORDOBA
B11: =+'PRESUPUESTO GENERAL'!C44 -> Suministro e Instalacion de Bancas prefabricadas en concreto, de 1,80 x 0,45 x 0,45, con acabado en pintura café. (acabados en madera tipo oland) | G11: UND: UND
B15: I. EQUIPO
B16: Descripción | D16: Tipo | E16: Tarifa/Hora | F16: Rendimiento | G16: Valor-Unit. | H16: Valor Total
B17: Herramienta menor | F17: 0.1 | G17: =+H39 -> 0 | H17: =+F17*G17 -> 0
G18: =+E18*F18 -> 0 | H18: =+G18 -> 0
G20: Sub-Total | H20: =SUM(H17:H19) -> 0
B21: II. MATERIALES EN OBRA
B22: Descripción | D22: Unidad | E22: Precio-Unit. | F22: Cantidad | G22: Valor-Unit. | H22: Valor Total
B23: Banca prefabricada en concreto de 1,80 x 0.45 x 0.45 con acabado en pintura café, incluye transporte | D23: und | E23: 1860000 | F23: 1 | G23: =+E23*F23 -> 1860000 | H23: =+G23 -> 1860000
B24: Adesivo epoxico | D24: kg | E24: 164000 | F24: 0.4 | G24: =+E24*F24 -> 65600 | H24: =+G24 -> 65600
G28: Sub-Total | H28: =SUM(H23:H27) -> 1925600
B29: III. TRANSPORTES
B30: Descripción | D30: Tipo | E30: Distancia | F30: Tarifa | G30: Valor-Unit. | H30: Valor Total
G33: Sub-Total | H33: =SUM(H31:H32) -> 0
B34: IV. MANO DE OBRA
B35: Trabajador | C35: Cantidad | D35: Jornal | E35: Prestaciones | F35: Jornal Total | G35: Rendimiento | H35: Valor-Unit.
B36: Oficial | C36: 1 | E36: 1.8344 | F36: =+D36*C36*E36 -> 0
B37: ayudante | C37: 1 | E37: 1.8344 | F37: =+D37*C37*E37 -> 0
G39: Sub-Total | H39: =+SUM(H36:H38) -> 0
D41: Total Costo Directo | H41: =+H20+H28+H33+H39 -> 1925600
B44: OMAR ANTONIO ROMÁN HERRERA
B45: Secretario de Planeación, Obras Públicas y Medio Ambiente
B46: Municipio de La Apartada Córdoba (E)
B47: Mediante Resolución N°. 286 de 08 de septiembre de 2026
B58: ANALISIS DE PRECIOS UNITARIOS A.P.U.
B59: OBRAS DE MANTENIMIENTO Y ADECUCACION EN EL PARQUE DIVINO NIÑO DE EL MUNICIPIO DE LA APARTADA CORDOBA
B62: =+'PRESUPUESTO GENERAL'!C45 -> S/I de Canecas mobiliario urbano 894 AI, en acero inoxidable, incluye transporte | G62: UND: M2
B66: I. EQUIPO
B67: Descripción | D67: Tipo | E67: Tarifa/Hora | F67: Rendimiento | G67: Valor-Unit. | H67: Valor Total
B68: Herramienta menor | F68: 0.1 | G68: =+H90 -> 23196.768 | H68: =+F68*G68 -> 2319.6768
G69: =+E69*F69 -> 0 | H69: =+G69 -> 0
G71: Sub-Total | H71: =SUM(H68:H70) -> 2319.6768
B72: II. MATERIALES EN OBRA
B73: Descripción | D73: Unidad | E73: Precio-Unit. | F73: Cantidad | G73: Valor-Unit. | H73: Valor Total
B74: Canecas mobiliario urbano 894 AI, incluye transporte | D74: und | E74: =842000*116% -> 976720 | F74: 1 | G74: =+E74*F74 -> 976720 | H74: =+G74 -> 976720
G79: Sub-Total | H79: =SUM(H74:H78) -> 976720
B80: III. TRANSPORTES
B81: Descripción | D81: Tipo | E81: Distancia | F81: Tarifa | G81: Valor-Unit. | H81: Valor Total
G84: Sub-Total | H84: =SUM(H82:H83) -> 0
B85: IV. MANO DE OBRA
B86: Trabajador | C86: Cantidad | D86: Jornal | E86: Prestaciones | F86: Jornal Total | G86: Rendimiento | H86: Valor-Unit.
B87: oficial especializado | C87: 1 | D87: =+'APU PARQUE RECREATIVO'!D358 -> 93381.6 | E87: 1.8344 | F87: =+D87*C87*E87 -> 171299.21 | G87: 12 | H87: =F87/G87 -> 14274.934
B88: ayudante | C88: 1 | D88: =+'APU PARQUE RECREATIVO'!D359 -> 58363.5 | E88: 1.8344 | F88: =+D88*C88*E88 -> 107062 | G88: 12 | H88: =+F88/G88 -> 8921.8337
G90: Sub-Total | H90: =+SUM(H87:H89) -> 23196.768
D92: Total Costo Directo | H92: =+H71+H79+H84+H90 -> 1002236.4
B95: OMAR ANTONIO ROMÁN HERRERA
B96: Secretario de Planeación, Obras Públicas y Medio Ambiente
B97: Municipio de La Apartada Córdoba (E)
B98: Mediante Resolución N°. 286 de 08 de septiembre de 2026
B110: ANALISIS DE PRECIOS UNITARIOS A.P.U.
B111: OBRAS DE MANTENIMIENTO Y ADECUCACION EN EL PARQUE DIVINO NIÑO DE EL MUNICIPIO DE LA APARTADA CORDOBA
B114: Poda de aclareo de árboles, altura entre 3.1m - 12m, incluye transporte de residuos. | G114: UND: M2
B118: I. EQUIPO
B119: Descripción | D119: Tipo | E119: Tarifa/Hora | F119: Rendimiento | G119: Valor-Unit. | H119: Valor Total
B120: Herramienta menor | F120: 0.1 | G120: =+H142 -> 112688.25 | H120: =+F120*G120 -> 11268.825
B121: Carro canasta con brao Hidráulico | D121: Máquina | E121: 170000 | F121: 0.64 | G121: =+E121*F121 -> 108800 | H121: =+G121 -> 108800
B122: Motosierra | D122: velocidad 9600 RPM | E122: 12500 | F122: 1.23 | G122: =+E122*F122 -> 15375 | H122: =+G122 -> 15375
G123: Sub-Total | H123: =SUM(H120:H122) -> 135443.83
B124: II. MATERIALES EN OBRA
B125: Descripción | D125: Unidad | E125: Precio-Unit. | F125: Cantidad | G125: Valor-Unit. | H125: Valor Total
B126: Cicatrizante | D126: kg | E126: 15500 | F126: 1.4 | G126: =+E126*F126 -> 21700 | H126: =+G126 -> 21700
G131: Sub-Total | H131: =SUM(H126:H130) -> 21700
B132: III. TRANSPORTES
B133: Descripción | D133: kg | E133: Distancia km | F133: Tarifa kg/km | G133: Valor-Unit. | H133: Valor Total
B134: Trnasporte de Residuos vegetales | D134: 200 | E134: 4 | F134: 150 | G134: =+E134*F134*D134 -> 120000 | H134: =+G134 -> 120000
G136: Sub-Total | H136: =SUM(H134:H135) -> 120000
B137: IV. MANO DE OBRA
B138: Trabajador | C138: Cantidad | D138: Jornal | E138: Prestaciones | F138: Jornal Total | G138: Rendimiento | H138: Valor-Unit.
B139: Operador de motosieerra | C139: 1 | D139: 100000 | E139: 1.8344 | F139: =+D139*C139*E139 -> 183440 | G139: 3.7861395 | H139: =F139/G139 -> 48450.408
B140: ayudante | C140: 2 | D140: =+D88 -> 58363.5 | E140: 1.8344 | F140: =+D140*C140*E140 -> 214124.01 | G140: 3.3333 | H140: =+F140/G140 -> 64237.845
G142: Sub-Total | H142: =+SUM(H139:H141) -> 112688.25
D144: Total Costo Directo | H144: =+H123+H131+H136+H142 -> 389832.08
B147: OMAR ANTONIO ROMÁN HERRERA
B148: Secretario de Planeación, Obras Públicas y Medio Ambiente
B149: Municipio de La Apartada Córdoba (E)
B150: Mediante Resolución N°. 286 de 08 de septiembre de 2026
B162: ANALISIS DE PRECIOS UNITARIOS A.P.U.
B163: =+'PRESUPUESTO GENERAL'!B1 -> OBRAS DE MANTENIMIENTO Y ADECUCACION EN EL PARQUE DIVINO NIÑO DEL MUNICIPIO DE LA APARTADA CORDOBA.
B166: =+'PRESUPUESTO GENERAL'!C49 -> Aseo general, incluye retiro. | G166: UND: Glb
B170: I. EQUIPO
B171: Descripción | D171: Tipo | E171: Tarifa/Hora | F171: horas | G171: Valor-Unit. | H171: Valor Total
B172: Herramienta menor | F172: 0.1 | G172: =+H197 -> 761442.01 | H172: =+F172*G172 -> 76144.201
B173: carretilla buggy | D173: equipo | E173: 7000 | F173: 8 | G173: =+E173*F173 -> 56000 | H173: =+G173 -> 56000
B174: Guadaña | D174: equipo | E174: 60000 | F174: 8 | G174: =+E174*F174 -> 480000 | H174: =+G174 -> 480000
B175: corta cesped | D175: equipo | E175: 50000 | F175: 8 | G175: =+E175*F175 -> 400000 | H175: =+G175 -> 400000
B176: hidrolavadora | D176: equipo | E176: 45000 | F176: 8 | G176: =+E176*F176 -> 360000 | H176: =+G176 -> 360000
B177: sopladora de hojas | D177: equipo | E177: 70000 | F177: 8 | G177: =+E177*F177 -> 560000 | H177: =+G177 -> 560000
G178: Sub-Total | H178: =SUM(H172:H177) -> 1932144.2
B179: II. MATERIALES EN OBRA
B180: Descripción | D180: Unidad | E180: Precio-Unit. | F180: Cantidad | G180: Valor-Unit. | H180: Valor Total
B181: Par de Guantes | D181: und | E181: 8000 | F181: 6 | G181: =+E181*F181 -> 48000 | H181: =+G181 -> 48000
B182: gafas de pretección | D182: und | E182: 7000 | F182: 6 | G182: =+E182*F182 -> 42000 | H182: =+G182 -> 42000
B183: Tapabocas | D183: und | E183: 5000 | F183: 12 | G183: =+E183*F183 -> 60000 | H183: =+G183 -> 60000
B184: Bolsas de almacenamiento de residuos | D184: und | E184: 2500 | F184: 15 | G184: =+E184*F184 -> 37500 | H184: =+G184 -> 37500
G186: Sub-Total | H186: =SUM(H181:H185) -> 187500
B187: III. TRANSPORTES
B188: Descripción | D188: Tipo | E188: Distancia | F188: Tarifa | G188: Valor-Unit. | H188: Valor Total
G191: Sub-Total | H191: =SUM(H189:H190) -> 0
...

Sheet APU PARQUE RECREATIVO
B7: ANALISIS DE PRECIOS UNITARIOS A.P.U.
B8: OBRAS DE MANTENIMIENTO Y ADECUCACION EN EL PARQUE DIVINO NIÑO DE EL MUNICIPIO DE LA APARTADA CORDOBA
B11: =+'PRESUPUESTO GENERAL'!C25 -> Retiro y transporte de caucho reciclado pigmentado aglomerado con resinas E= 3 cm | G11: UND: M2
B15: I. EQUIPO
B16: Descripción | D16: Tipo | E16: Tarifa/Hora | F16: Rendimiento | G16: Valor-Unit. | H16: Valor Total
B17: Herramienta menor | F17: 0.1 | G17: =+H39 -> 6959.0303 | H17: =+F17*G17 -> 695.90303
G18: =+E18*F18 -> 0 | H18: =+G18 -> 0
G20: Sub-Total | H20: =SUM(H17:H19) -> 695.90303
B21: II. MATERIALES EN OBRA
B22: Descripción | D22: Unidad | E22: Precio-Unit. | F22: Cantidad | G22: Valor-Unit. | H22: Valor Total
G28: Sub-Total | H28: =SUM(H23:H27) -> 0
B29: III. TRANSPORTES
B30: Descripción | D30: m3 | E30: Distancia | F30: Tarifa M3/km | G30: Valor-Unit. | H30: Valor Total
B31: volqueta sencilla | D31: =1*0.03*1 -> 0.03 | E31: 3 | F31: 3000 | G31: =+D31*E31*F31 -> 270
G33: Sub-Total | H33: =+G31 -> 270
B34: IV. MANO DE OBRA
B35: Trabajador | C35: Cantidad | D35: Jornal | E35: Prestaciones | F35: Jornal Total | G35: Rendimiento | H35: Valor-Unit.
B36: Oficial | C36: 1 | D36: 93381.6 | E36: 1.8344 | F36: =+D36*C36*E36 -> 171299.21 | G36: 40 | H36: =F36/G36 -> 4282.4802
B37: ayudante | C37: 1 | D37: 58363.5 | E37: 1.8344 | F37: =+D37*C37*E37 -> 107062 | G37: 40 | H37: =+F37/G37 -> 2676.5501
G39: Sub-Total | H39: =+SUM(H36:H38) -> 6959.0303
D41: Total Costo Directo | H41: =+H20+H28+H33+H39 -> 7924.9333
B44: OMAR ANTONIO ROMÁN HERRERA
B45: Secretario de Planeación, Obras Públicas y Medio Ambiente
B46: Municipio de La Apartada Córdoba (E)
B47: Mediante Resolución N°. 286 de 08 de septiembre de 2026
B58: ANALISIS DE PRECIOS UNITARIOS A.P.U.
B59: OBRAS DE MANTENIMIENTO Y ADECUCACION EN EL PARQUE DIVINO NIÑO DE EL MUNICIPIO DE LA APARTADA CORDOBA
B62: =+'PRESUPUESTO GENERAL'!C26 -> demolicion de placa de contrapiso en concreto de 3000 psi, E= 8 cm | G62: UND: M2
B66: I. EQUIPO
B67: Descripción | D67: Tipo | E67: Tarifa/Hora | F67: Rendimiento | G67: Valor-Unit. | H67: Valor Total
B68: Herramienta menor | F68: 0.1 | G68: =+H91 -> 8029.6503 | H68: =+F68*G68 -> 802.96503
B69: Martillo demoledor eléctrico | E69: 12000 | F69: 3 | G69: =+E69/F69 -> 4000 | H69: =+G69 -> 4000
B70: Carretilla buggy | E70: 3000 | F70: 8 | G70: =+E70/F70 -> 375 | H70: =+G70 -> 375
B71: pulidora angular 7" | E71: 5500 | F71: 12 | G71: =+E71/F71 -> 458.33333 | H71: =+G71 -> 458.33333
G72: Sub-Total | H72: =SUM(H68:H71) -> 5636.2984
B73: II. MATERIALES EN OBRA
B74: Descripción | D74: Unidad | E74: Precio-Unit. | F74: Cantidad | G74: Valor-Unit. | H74: Valor Total
G80: Sub-Total | H80: =SUM(H75:H79) -> 0
B81: III. TRANSPORTES
B82: Descripción | D82: m3 | E82: Distancia | F82: Tarifa M3/km | G82: Valor-Unit. | H82: Valor Total
B83: volqueta sencilla | D83: =1*0.1*1 -> 0.1 | E83: 3 | F83: 3000 | G83: =+D83*E83*F83 -> 900 | H83: =+G83 -> 900
G85: Sub-Total | H85: =SUM(H83:H84) -> 900
B86: IV. MANO DE OBRA
B87: Trabajador | C87: Cantidad | D87: Jornal | E87: Prestaciones | F87: Jornal Total | G87: Rendimiento | H87: Valor-Unit.
B88: Oficial
B89: ayudante | C89: 3 | D89: 58363.5 | E89: 1.8344 | F89: =+D89*C89*E89 -> 321186.01 | G89: 40 | H89: =+F89/G89 -> 8029.6503
G91: Sub-Total | H91: =+SUM(H88:H90) -> 8029.6503
D93: Total Costo Directo | H93: =+H72+H80+H85+H91 -> 14565.949
B96: OMAR ANTONIO ROMÁN HERRERA
B97: Secretario de Planeación, Obras Públicas y Medio Ambiente
B98: Municipio de La Apartada Córdoba (E)
B99: Mediante Resolución N°. 286 de 08 de septiembre de 2026
B111: ANALISIS DE PRECIOS UNITARIOS A.P.U.
B112: OBRAS DE MANTENIMIENTO Y ADECUCACION EN EL PARQUE DIVINO NIÑO DE EL MUNICIPIO DE LA APARTADA CORDOBA
B115: =+'PRESUPUESTO GENERAL'!C27 -> Cargue y Retiro de material Proveniente de demolicion. | G115: UND: M3
B119: I. EQUIPO
B120: Descripción | D120: Tipo | E120: Tarifa/Hora | F120: Rendimiento | G120: Valor-Unit. | H120: Valor Total
B121: Herramienta menor | F121: 0.1 | G121: =+H143 -> 45883.716 | H121: =+F121*G121 -> 4588.3716
G122: =+E122*F122 -> 0 | H122: =+G122 -> 0
G124: Sub-Total | H124: =SUM(H121:H123) -> 4588.3716
B125: II. MATERIALES EN OBRA
B126: Descripción | D126: Unidad | E126: Precio-Unit. | F126: Cantidad | G126: Valor-Unit. | H126: Valor Total
G132: Sub-Total | H132: =SUM(H127:H131) -> 0
B133: III. TRANSPORTES
B134: Descripción | D134: m3 | E134: Distancia km | F134: Tarifa M3/km | G134: Valor-Unit. | H134: Valor Total
B135: volqueta sencilla | D135: 1.3 | E135: 3 | F135: 5000 | G135: =+D135*E135*F135 -> 19500 | H135: =+G135 -> 19500
G137: Sub-Total | H137: =SUM(H135:H136) -> 19500
B138: IV. MANO DE OBRA
B139: Trabajador | C139: Cantidad | D139: Jornal | E139: Prestaciones | F139: Jornal Total | G139: Rendimiento | H139: Valor-Unit.
B141: ayudante | C141: 3 | D141: 58363.5 | E141: 1.8344 | F141: =+D141*C141*E141 -> 321186.01 | G141: 7 | H141: =+F141/G141 -> 45883.716
G143: Sub-Total | H143: =+SUM(H140:H142) -> 45883.716
D145: Total Costo Directo | H145: =+H124+H132+H137+H143 -> 69972.088
B148: OMAR ANTONIO ROMÁN HERRERA
B149: Secretario de Planeación, Obras Públicas y Medio Ambiente
B150: Municipio de La Apartada Córdoba (E)
B151: Mediante Resolución N°. 286 de 08 de septiembre de 2026
B163: ANALISIS DE PRECIOS UNITARIOS A.P.U.
B164: OBRAS DE MANTENIMIENTO Y ADECUCACION EN EL PARQUE DIVINO NIÑO DE EL MUNICIPIO DE LA APARTADA CORDOBA
B167: =+'PRESUPUESTO GENERAL'!C36 -> Nivelación y compactación de capa subrasante | G167: UND: M2
B171: I. EQUIPO
B172: Descripción | D172: Tipo | E172: Tarifa/Hora | F172: Rendimiento | G172: Valor-Unit. | H172: Valor Total
B173: Herramienta menor | F173: 0.1 | G173: =+H195 -> 2676.5501 | H173: =+F173*G173 -> 267.65501
B174: Compactador tipo rana 5 HP | E174: 10000 | F174: 30 | G174: =+E174/F174 -> 333.33333 | H174: =+G174 -> 333.33333
G176: Sub-Total | H176: =SUM(H173:H175) -> 600.98834
B177: II. MATERIALES EN OBRA
B178: Descripción | D178: Unidad | E178: Precio-Unit. | F178: Cantidad | G178: Valor-Unit. | H178: Valor Total
G184: Sub-Total | H184: =SUM(H179:H183) -> 0
B185: III. TRANSPORTES
B186: Descripción | D186: m3 | E186: Distancia | F186: Tarifa M3/km | G186: Valor-Unit. | H186: Valor Total
G189: Sub-Total | H189: =SUM(H187:H188) -> 0
B190: IV. MANO DE OBRA
B191: Trabajador | C191: Cantidad | D191: Jornal | E191: Prestaciones | F191: Jornal Total | G191: Rendimiento | H191: Valor-Unit.
B193: ayudante | C193: 2 | D193: 58363.5 | E193: 1.8344 | F193: =+D193*C193*E193 -> 214124.01 | G193: 80 | H193: =+F193/G193 -> 2676.5501
G195: Sub-Total | H195: =+SUM(H192:H194) -> 2676.5501
D197: Total Costo Directo | H197: =+H176+H184+H189+H195 -> 3277.5385
B200: OMAR ANTONIO ROMÁN HERRERA
B201: Secretario de Planeación, Obras Públicas y Medio Ambiente
B202: Municipio de La Apartada Córdoba (E)
B203: Mediante Resolución N°. 286 de 08 de septiembre de 2026
B215: ANALISIS DE PRECIOS UNITARIOS A.P.U.
...

Sheet  FACTOR MULTIPLICADOR
C3: FACTOR MULTIPLICADOR | E3: #VALUE!
C8: =+'[256]0. D.D.E'!$B$6 -> "INTERVENTORIA TECNICA, ADMINISTRATIVA Y FINANCIERA DEL PROYECTO QUE TIENE POR OBJETO: OBRAS DE MANTENIMIENTO Y ADECUCACION EN EL PARQUE DIVINO NIÑO DEL MUNICIPIO DE LA APARTADA CORDOBA. "
C10: ITEM | D10: DESCRIPCIÓN | F10: % del sueldo del personal
C11: 1. | D11: Salarios y Prestaciones Sociales de Personal Facturable
C13: 1.1. | D13: Salarios | G13: 1
C14: 1.2. | D14: Cesantías | G14: 0.0833
C15: 1.3. | D15: Prima de servicio | G15: 0.0833
C16: 1.4. | D16: Pensión | G16: 0.12
C17: 1.5. | D17: Salud | G17: 0.085
C18: 1.6. | D18: Riesgos profesionales | G18: 0.0696
C19: 1.7. | D19: Caja de Compensación familiar 4% | G19: 0.04
C20: 1.8. | D20: SENA 2% | G20: 0.02
C21: 1.9. | D21: ICBF 3% | G21: 0.03
C22: 1.10. | D22: Vacaciones | G22: 0.0417
C23: 1.11. | D23: Intereses de cesantías | G23: 0.01
C24: 1.12. | D24: Ordinaria | G24: 0.0053192308
... C29: 1.17. | D29: Dominicales diurno | G29: 0.0089361538
G30: =SUM(G13:G29) -> 1.6311985
C31: 2. | D31: Gastos Generales
C32: 2.1 | D32: Asesoria Contable Tributaria y Juridica | G32: 0.04
C33: 2.2 | D33: Equipos y mantenimiento Oficina (Aseo) | G33: 0.05
C34: 2.3 | D34: Seguridad industrial de oficina de consultor | G34: 0.0588
C35: 2.4 | D35: Personal administrativo No facturado | G35: 0.12
G36: =SUM(G32:G35) -> 0.2688
C38: 3. | D38: Honorarios (Utilidad del consultor y costos no previstos) | G38: 0.1
C41: T O T A L | G41: =+G38+G36+G30 -> 1.9999985

Sheet DESGLOSE AIU
A1: ANALISÍS DEL A.I. (ADMINISTRACIÓN E IMPREVISTOS) | G1: #VALUE!
A5: OBJETO: | D5: OBRAS DE MANTENIMIENTO Y ADECUCACION EN EL PARQUE DIVINO NIÑO DEL MUNICIPIO DE LA APARTADA CORDOBA
A8: FORMULADOR: | D8: =+'[257]0. D.D.E'!$B$9 -> MUNICIPIO DE LA APARTADA - CORDOBA | F8: FECHA | H8: SEP10 2026
A11: COSTO DIRECTO DE OBRA (CD) | C11: ='PRESUPUESTO GENERAL'!G52 -> 3.0623129e+08 | D11: FACTOR PRESTACIONAL >2 S.M.M.L.V | F11: =+'[257]6. JORNA + PRESTA'!F93 -> 1.6311985
A12: AIU | B12: 0.3 | C12: =+ROUND(B12*$C$11,2) -> 91869387 | D12: FACTOR PRESTACIONAL < 2 S.M.M.L.V | F12: =+'[257]6. JORNA + PRESTA'!F67 -> 1.8344105
A13: IMPREVISTOS | D13: PLAZO DE EJECUCIÓN ( MESES ) | F13: 1.5
A14: COSTO INDIRECTO | B14: =SUM(B12:B13) -> 0.3 | C14: =SUM(C12:C13) -> 91869387
A16: GRAN TOTAL | C16: =+ROUND(C14+C11+C15,2) -> 398100677
A18: A. ADMINISTRACIÓN
A20: CANTIDAD | D20: DESCRIPCIÓN DEL CARGO | E20: DEDICACIÓN MES | F20: SALARIO MENSUAL | G20: FACTOR PRESTACIONAL | H20: PLAZO CONSTRUCCIÓN | I20: CANTIDAD DE PERSONAL / DEDICACION/SALARIO / PLAZO/FACTOR PRESTACIONAL
A21: A | E21: C | F21: D | G21: E | H21: D | I21: F = A * B * C * D * E
A22: 1. PERSONAL DE OBRA
A23: 1.1 PERSONAL PROFESIONAL
A24: 1 | D24: Director de Proyecto | E24: 0.3 | F24: =+F28 -> 3589355.2 | G24: =+F11 -> 1.6311985 | H24: =+F13 -> 1.5 | I24: =ROUND(+E24*F24*H24*G24*A24,2) -> 2634727.8
A25: Funciones: Coordinar, supervisar y ejecutar técnicamente la obra; garantizar cumplimiento del cronograma y la calidad.
A26: 1 | D26: Residente de Obra | E26: 1 | F26: =+F30 -> 1925995.5 | G26: =+G37 -> 1.8344105 | H26: =+$H$24 -> 1.5 | I26: =ROUND(+E26*F26*H26*G26*A26,2) -> 5299599.6
A27: Funciones: Supervisión técnica, ejecución del cronograma, control de calidad, coordinación del personal.
E28: 0.3 | F28: =+'[257]6. JORNA + PRESTA'!$A$11*2.05 -> 3589355.2 | G28: =+F11 -> 1.6311985 | H28: =+$H$24 -> 1.5 | I28: =ROUND(+E28*F28*H28*G28*A28,2) -> 0
A30: 1 | D30: Topógrafo | E30: 1 | F30: =+'[257]6. JORNA + PRESTA'!$A$11*1.1 -> 1925995.5 | G30: =+G35 -> 1.8344105 | H30: =+$H$24 -> 1.5 | I30: =ROUND(+E30*F30*H30*G30*A30,2) -> 5299599.6
A31: Funciones: Levantamiento topográfico y replanteo de obra.. Control de niveles.
A32: SUBTOTAL COSTOS DE PERSONAL PROFESIONAL | I32: =+I24+I26+I28+I30 -> 13233927
A33: 1 | D33: Contador(a) | E33: 0.3 | F33: =+'[257]6. JORNA + PRESTA'!A11*2.05 -> 3589355.2 | G33: =+G28 -> 1.6311985 | H33: =+$H$24 -> 1.5 | I33: =ROUND(+E33*F33*H33*G33*A33,2) -> 2634727.8
A34: Funciones: Manejo contable del proyecto, control presupuestal, informes financieros.
A35: 1 | D35: Cadenero | E35: =+E30 -> 1 | F35: 1750905 | G35: =+F12 -> 1.8344105 | H35: =+$H$24 -> 1.5 | I35: =ROUND(+E35*F35*H35*G35*A35,2) -> 4817817.8
A36: Funciones: Apoyo al topógrafo, manejo de equipos y medición de terrenos.
A37: 1 | D37: Vigilante | E37: 1 | F37: =+F35 -> 1750905 | G37: =+F12 -> 1.8344105 | H37: =+$H$24 -> 1.5 | I37: =ROUND(+E37*F37*H37*G37*A37,2) -> 4817817.8
A38: Funciones: Custodia del material, maquinaria y frente de obra en horarios no laborales.
A39: SUBTOTAL COSTOS DE PERSONAL PROFESIONAL | I39: =+I33+I35+I37 -> 12270364
A40: SUBTOTAL COSTOS DE PERSONAL | I40: =+I32+I39 -> 25504291
A41: SUBTOTAL COSTOS DE PERSONAL EN PORCENTAJE DEL COSTO DIRECTO | I41: =I40/$C$16 -> 0.064064927
A43: 2. GASTOS OPERACIONALES
A44: OTROS GASTOS
A45: DESCRIPCIÓN | G45: COSTO MES | H45: DURACION MESES O CANTIDAD | I45: VALOR ($)
A46: Alquiler Campamento tipo bodega | G46: =800000+77026.0600000024 -> 877026.06 | H46: =+$F$13 -> 1.5 | I46: =+ROUND(G46*H46,3) -> 1315539.1
A47: Valla informativa 3*2 | G47: 2100000 | H47: =+$F$13 -> 1.5 | I47: =+ROUND(G47*H47,3) -> 3150000
A53: SUBTOTAL GASTOS OPERACIONALES | I53: =SUM(I46:I52) -> 4465539.1
A54: SUBTOTAL GASTOS OPERACIONALES EN PORCENTAJE DEL COSTO DIRECTO | I54: =I53/$C$16 -> 0.01121711
A56: 3. OTROS GASTOS OPERACIONALES DE ADMINISTRACION
A57: CONCEPTO | G57: COSTO UNITARIO | H57: TIEMPO | I57: VALOR TOTAL
A58: SG- SST y seguridad industrial | G58: 1333333.3 | H58: 1.5 | I58: =H58*G58 -> 2000000
A59: Señalizacion y manejo temporal de la obra | G59: 800000 | H59: 1.5 | I59: =H59*G59 -> 1200000
A60: Transporte administrativo y tecnico | G60: 1000000 | H60: 1.5 | I60: =H60*G60 -> 1500000
A61: Papeleria impresiones e informes | G61: 300000 | H61: 1.5 | I61: =H61*G61 -> 450000
A62: comunicaciones | G62: 200000 | H62: 1.5 | I62: =H62*G62 -> 300000
A63: Gastos adimnistrativos de gestion y coordinacion de la obra | G63: 394042.33 | H63: 1.5 | I63: =H63*G63 -> 591063.49
A64: control de calidad | G64: 1333333.3 | H64: 1.5 | I64: =H64*G64 -> 2000000
I67: =SUM(I58:I66) -> 8041063.5
I68: =I67/C16 -> 0.020198568
A69: 3. IMPUESTOS Y GARANTÍAS
A70: 3.1 IMPUESTOS
A71: DESCRIPCIÓN | G71: VR. BASE | H71: IMPUESTO % | I71: VALOR ($)
A72: PRO-UNIVERSIDAD | G72: =$C$16 -> 398100677 | H72: 0.01 | I72: =ROUND(G72*H72,2) -> 3981006.8
A73: PRO-CULTURA | G73: =+G72 -> 398100677 | H73: 0.01 | I73: =ROUND(G73*H73,2) -> 3981006.8
A74: PRO-ELECTRIFICACION | G74: =+G73 -> 398100677 | H74: 0.01 | I74: =ROUND(G74*H74,2) -> 3981006.8
A75: PRO-ANCIANATO | G75: =+G74 -> 398100677 | H75: 0.04 | I75: =ROUND(G75*H75,2) -> 15924027
A76: JUSTICIA FAMILIAR | H76: 0.02
A77: PRO-DEPORTE | G77: =+G75 -> 398100677 | H77: 0.01 | I77: =ROUND(G77*H77,2) -> 3981006.8
A78: FONDO DE SEGURIDAD | G78: =+G77 -> 398100677 | H78: 0.05 | I78: =ROUND(G78*H78,2) -> 19905034
A79: SUBTOTAL IMPUESTOS | H79: =SUM(H72:H78) -> 0.15 | I79: =SUM(I72:I78) -> 51753088
A81: 3.2 GARANTIAS
A82: DESCRIPCIÓN | D82: VR. BASE | E82: % ASEGURADO | F82: VR. ASEGURADO | G82: TASA | H82: # TOTAL DIAS | I82: VALOR TOTAL ($)
A83: CUMPLIMIENTO | D83: =C16 -> 398100677 | E83: 0.1 | F83: =ROUND(+D83*E83,0) -> 39810068 | G83: 0.005 | H83: =($F$13*30)+60 -> 105 | I83: =ROUND((F83*G83/360*H83),2) -> 58056.35
A84: SALARIOS Y PRESTACIONES SOCIALES | D84: =D83 -> 398100677 | E84: 0.05 | F84: =ROUND(+D84*E84,0) -> 19905034 | G84: 0.01 | H84: =($F$13*30)+3*360 -> 1125 | I84: =ROUND((F84*G84/360*H84),2) -> 622032.31
A85: ESTABILIDAD Y CALIDAD DE LA OBRA | D85: =D84 -> 398100677 | E85: 0.1 | F85: =ROUND(+D85*E85,0) -> 39810068 | G85: 0.005 | H85: =5*360 -> 1800 | I85: =ROUND((F85*G85/360*H85),2) -> 995251.7
A86: RESPONSABILIDAD CIVIL EXTRACONTRACTUAL | D86: =D85 -> 398100677 | E86: 0.1 | F86: =ROUND(+D86*E86,0) -> 39810068 | G86: 0.025 | H86: =($F$13*30) -> 45 | I86: =ROUND((F86*G86)/1020*H86,2) -> 43908.16
A87: PRIMA NETA | I87: =SUM(I83:I86) -> 1719248.5
A88: GASTOS DE EXPEDICION | I88: 50000
A89: IVA | I89: =ROUND((I87+I88)*19%,2) -> 336157.22
A90: SUBTOTAL GARANTÍAS | H90: =I90/C16 -> 0.0052886264 | I90: =+I87+I88+I89 -> 2105405.7
A92: SUBTOTAL IMPUESTOS Y GARANTÍAS | I92: =ROUND(+I79+I90,2) -> 53858494
A93: SUBTOTAL IMPUESTOS Y GARANTÍAS EN PORCENTAJE DEL COSTO DIRECTO | I93: =+I92/C11 -> 0.17587521
A95: A. (AIU) | H95: 0.3 | I95: =ROUND(I92+I53+I40,2)+I67 -> 91869387
H97: =+B13 -> 0 | I97: =+H97*$C$11 -> 0
A99: A.I.U. (ADMINISTRACIÓN, IMPREVISTOS Y UTILIDAD) | H99: =+H97+H95 -> 0.3 | I99: =+ROUND(+I97+I95,2) -> 91869387

Sheet Hoja2

Sheet plantilla APU
B7: ANALISIS DE PRECIOS UNITARIOS A.P.U.
B8: OBRAS DE MANTENIMIENTO Y ADECUCACION EN EL PARQUE DIVINO NIÑO DE EL MUNICIPIO DE LA APARTADA CORDOBA
G11: UND: M2
B15: I. EQUIPO
B16: Descripción | D16: Tipo | E16: Tarifa/Hora | F16: Rendimiento | G16: Valor-Unit. | H16: Valor Total
B17: Herramienta menor | F17: 0.1 | G17: =+H39 -> #REF! | H17: =+F17*G17 -> #REF!
G18: =+E18*F18 -> 0 | H18: =+G18 -> 0
G20: Sub-Total | H20: =SUM(H17:H19) -> #REF!
B21: II. MATERIALES EN OBRA
B22: Descripción | D22: Unidad | E22: Precio-Unit. | F22: Cantidad | G22: Valor-Unit. | H22: Valor Total
G28: Sub-Total | H28: =SUM(H23:H27) -> 0
B29: III. TRANSPORTES
B30: Descripción | D30: Tipo | E30: Distancia | F30: Tarifa | G30: Valor-Unit. | H30: Valor Total
G33: Sub-Total | H33: =SUM(H31:H32) -> 0
B34: IV. MANO DE OBRA
B35: Trabajador | C35: Cantidad | D35: Jornal | E35: Prestaciones | F35: Jornal Total | G35: Rendimiento | H35: Valor-Unit.
B36: Oficial | C36: 1 | D36: =+#REF! -> #REF! | E36: 1.8344 | F36: =+D36*C36*E36 -> #REF! | H36: =F36/G36 -> #REF!
B37: ayudante | C37: 1 | D37: =+#REF! -> #REF! | E37: 1.8344 | F37: =+D37*C37*E37 -> #REF! | H37: =+F37/G37 -> #REF!
G39: Sub-Total | H39: =+SUM(H36:H38) -> #REF!
D41: Total Costo Directo | H41: =+H20+H28+H33+H39 -> #REF!
B58: ANALISIS DE PRECIOS UNITARIOS A.P.U.
B59: OBRAS DE MANTENIMIENTO Y ADECUCACION EN EL PARQUE DIVINO NIÑO DE EL MUNICIPIO DE LA APARTADA CORDOBA
G62: UND: M2
B66: I. EQUIPO
B67: Descripción | D67: Tipo | E67: Tarifa/Hora | F67: Rendimiento | G67: Valor-Unit. | H67: Valor Total
B68: Herramienta menor | F68: 0.1 | G68: =+H90 -> #VALUE! | H68: =+F68*G68 -> #VALUE!
G69: =+E69*F69 -> 0 | H69: =+G69 -> 0
G71: Sub-Total | H71: =SUM(H68:H70) -> #VALUE!
B72: II. MATERIALES EN OBRA
B73: Descripción | D73: Unidad | E73: Precio-Unit. | F73: Cantidad | G73: Valor-Unit. | H73: Valor Total
G79: Sub-Total | H79: =SUM(H74:H78) -> 0
B80: III. TRANSPORTES
B81: Descripción | D81: Tipo | E81: Distancia | F81: Tarifa | G81: Valor-Unit. | H81: Valor Total
G84: Sub-Total | H84: =SUM(H82:H83) -> 0
B85: IV. MANO DE OBRA
B86: Trabajador | C86: Cantidad | D86: Jornal | E86: Prestaciones | F86: Jornal Total | G86: Rendimiento | H86: Valor-Unit.
B87: Oficial | C87: 1 | D87: =+D35 -> Jornal | E87: 1.8344 | F87: =+D87*C87*E87 -> #VALUE! | H87: =F87/G87 -> #VALUE!
B88: ayudante | C88: 1 | D88: =+D36 -> #REF! | E88: 1.8344 | F88: =+D88*C88*E88 -> #REF! | H88: =+F88/G88 -> #REF!
G90: Sub-Total | H90: =+SUM(H87:H89) -> #VALUE!
D92: Total Costo Directo | H92: =+H71+H79+H84+H90 -> #VALUE!
B110: ANALISIS DE PRECIOS UNITARIOS A.P.U.
B111: OBRAS DE MANTENIMIENTO Y ADECUCACION EN EL PARQUE DIVINO NIÑO DE EL MUNICIPIO DE LA APARTADA CORDOBA
G114: UND: M2
B118: I. EQUIPO
B119: Descripción | D119: Tipo | E119: Tarifa/Hora | F119: Rendimiento | G119: Valor-Unit. | H119: Valor Total
B120: Herramienta menor | F120: 0.1 | G120: =+H142 -> #VALUE! | H120: =+F120*G120 -> #VALUE!
G121: =+E121*F121 -> 0 | H121: =+G121 -> 0
G123: Sub-Total | H123: =SUM(H120:H122) -> #VALUE!
B124: II. MATERIALES EN OBRA
B125: Descripción | D125: Unidad | E125: Precio-Unit. | F125: Cantidad | G125: Valor-Unit. | H125: Valor Total
G131: Sub-Total | H131: =SUM(H126:H130) -> 0
B132: III. TRANSPORTES
B133: Descripción | D133: Tipo | E133: Distancia | F133: Tarifa | G133: Valor-Unit. | H133: Valor Total
G136: Sub-Total | H136: =SUM(H134:H135) -> 0
B137: IV. MANO DE OBRA
B138: Trabajador | C138: Cantidad | D138: Jornal | E138: Prestaciones | F138: Jornal Total | G138: Rendimiento | H138: Valor-Unit.
B139: Oficial | C139: 1 | D139: =+D87 -> Jornal | E139: 1.8344 | F139: =+D139*C139*E139 -> #VALUE! | H139: =F139/G139 -> #VALUE!
B140: ayudante | C140: 1 | D140: =+D88 -> #REF! | E140: 1.8344 | F140: =+D140*C140*E140 -> #REF! | H140: =+F140/G140 -> #REF!
G142: Sub-Total | H142: =+SUM(H139:H141) -> #VALUE!
D144: Total Costo Directo | H144: =+H123+H131+H136+H142 -> #VALUE!
B162: ANALISIS DE PRECIOS UNITARIOS A.P.U.
G166: UND: M2
B170: I. EQUIPO
B171: Descripción | D171: Tipo | E171: Tarifa/Hora | F171: Rendimiento | G171: Valor-Unit. | H171: Valor Total
B172: Herramienta menor | F172: 0.1 | G172: =+H194 -> #VALUE! | H172: =+F172*G172 -> #VALUE!
G173: =+E173*F173 -> 0 | H173: =+G173 -> 0
G175: Sub-Total | H175: =SUM(H172:H174) -> #VALUE!
B176: II. MATERIALES EN OBRA
B177: Descripción | D177: Unidad | E177: Precio-Unit. | F177: Cantidad | G177: Valor-Unit. | H177: Valor Total
G183: Sub-Total | H183: =SUM(H178:H182) -> 0
B184: III. TRANSPORTES
B185: Descripción | D185: Tipo | E185: Distancia | F185: Tarifa | G185: Valor-Unit. | H185: Valor Total
G188: Sub-Total | H188: =SUM(H186:H187) -> 0
B189: IV. MANO DE OBRA
B190: Trabajador | C190: Cantidad | D190: Jornal | E190: Prestaciones | F190: Jornal Total | G190: Rendimiento | H190: Valor-Unit.
B191: Oficial | C191: 1 | D191: =+D139 -> Jornal | E191: 1.8344 | F191: =+D191*C191*E191 -> #VALUE! | H191: =F191/G191 -> #VALUE!
B192: ayudante | C192: 1 | D192: =+D140 -> #REF! | E192: 1.8344 | F192: =+D192*C192*E192 -> #REF! | H192: =+F192/G192 -> #REF!
G194: Sub-Total | H194: =+SUM(H191:H193) -> #VALUE!
D196: Total Costo Directo | H196: =+H175+H183+H188+H194 -> #VALUE!
B214: ANALISIS DE PRECIOS UNITARIOS A.P.U.
G218: UND: M2
B222: I. EQUIPO
B223: Descripción | D223: Tipo | E223: Tarifa/Hora | F223: Rendimiento | G223: Valor-Unit. | H223: Valor Total
B224: Herramienta menor | F224: 0.1 | G224: =+H246 -> #VALUE! | H224: =+F224*G224 -> #VALUE!
G225: =+E225*F225 -> 0 | H225: =+G225 -> 0
G227: Sub-Total | H227: =SUM(H224:H226) -> #VALUE!
B228: II. MATERIALES EN OBRA
B229: Descripción | D229: Unidad | E229: Precio-Unit. | F229: Cantidad | G229: Valor-Unit. | H229: Valor Total
G235: Sub-Total | H235: =SUM(H230:H234) -> 0
B236: III. TRANSPORTES
B237: Descripción | D237: Tipo | E237: Distancia | F237: Tarifa | G237: Valor-Unit. | H237: Valor Total
G240: Sub-Total | H240: =SUM(H238:H239) -> 0
B241: IV. MANO DE OBRA
B242: Trabajador | C242: Cantidad | D242: Jornal | E242: Prestaciones | F242: Jornal Total | G242: Rendimiento | H242: Valor-Unit.
B243: Oficial | C243: 1 | D243: =+D191 -> Jornal | E243: 1.8344 | F243: =+D243*C243*E243 -> #VALUE! | H243: =F243/G243 -> #VALUE!
B244: ayudante | C244: 1 | D244: =+D192 -> #REF! | E244: 1.8344 | F244: =+D244*C244*E244 -> #REF! | H244: =+F244/G244 -> #REF!
G246: Sub-Total | H246: =+SUM(H243:H245) -> #VALUE!
D248: Total Costo Directo | H248: =+H227+H235+H240+H246 -> #VALUE!
